Workbook

Sheet Productos
B2: Versión: Pliegos borrador
B4: Formato 10 - Oferta Económica AMP/SDA PARA LA ADQUISICIÓN, SUMINISTRO Y DISPENSACIÓN DE MEDICAMENTOS II
B6: Proceso de Licitación Pública | K6: 45.5
B8: Segmento al que oferta | D8: Segmento 2. Compra Directa a Laboratorios | I8: determinar el precio techo
B9: Ambito | I9: y el PxQ
B10: Nombre del proponente: | I10: Como llegr al puntaje | J10: IPC SALUD | K10: 0.072
D11: RECUERDE QUE DEBE DILIGENCIAR UN PRECIO SUPERIOR A $ 1 ÚNICAMENTE PARA LOS PRODUCTOS QUE OFREZCA. NO DEBE LLENAR LAS DEMÁS CASILLAS. | H11: Porcentaje diligenciado: | I11: =1-((COUNTBLANK(P16:P2953))/(2938)) -> 0 | J11: =SUM(O16:O2953)+SUM(Comerciales!Q16:Q1436) -> 71.060317
B13: 1A | C13: Porcentaje de intermediación del proponente | O13: 1
B15: NO | C15: ATC | D15: PRINCIPIO ACTIVO | E15: CONCENTRACION | F15: FORMA FARMACEUTICA | G15: VIA DE ADMINISTRACION | H15: UNIDAD DE MEDIDA POR PRECIO OFERTADO | I15: ROTACION ESTIMADA POR AÑO | J15: COTIZACION | K15: PRECIO REF 2026 | L15: REGULACION | M15: P*Q | N15: Obligatorio | O15: DISTRIBUCION DE PUNTAJE (45.5 PUNTOS) | P15: PRECIO OFERTADO 1 | Q15: CUM OFERTADO 1 | R15: EXPEDIENTE OFERTADO 1 | S15: REGISTRO SANITARO | T15: PRESENTACION COMERCIAL | U15: FACTOR DE CONVERSION | V15: CODIGO DE BARRAS
B16: 1 | C16: N07XX07 | D16: 4 AMINOPIRIDINA (FAMPRIDINA) | E16: 10 mg | F16: TABLETA DE LIBERACION PROLONGADA | G16: ORAL | H16: TABLETA DE LIBERACION PROLONGADA | I16: 60.666667 | J16: 15227 | K16: =IF(ISNUMBER(L16),MIN(L16,ROUND((J16*(1+$K$10)),0)),ROUND((J16*(1+$K$10)),0)) -> 15228.4 | L16: 15228.4 | M16: =IF(K16=0,100*I16,I16*K16) -> 923856.27 | N16: No | O16: =(45.5*M16)/(SUM($M$16:$M$2953)+SUM(Comerciales!$O$16:$O$1436)) -> 4.3838798e-05
B17: 2 | C17: L01BC02 | D17: 5-FLUORURACILO | E17: 10 mg/mL (1%) | F17: COLIRIO OFTALMICO | G17: OFTALMICA | H17: MILILITRO | I17: 300 | K17: =IF(ISNUMBER(L17),MIN(L17,ROUND((J17*(1+$K$10)),0)),ROUND((J17*(1+$K$10)),0)) -> 0 | L17: NO REGULADO | M17: =IF(K17=0,100*I17,I17*K17) -> 30000 | N17: No | O17: =(45.5*M17)/(SUM($M$16:$M$2953)+SUM(Comerciales!$O$16:$O$1436)) -> 1.423559e-06
B18: 3 | C18: J05AR04 | D18: ABACAVIR | E18: 20 mg/mL (2%) | F18: SOLUCION ORAL | G18: ORAL | H18: MILILITRO | I18: 2 | J18: 434 | K18: =IF(ISNUMBER(L18),MIN(L18,ROUND((J18*(1+$K$10)),0)),ROUND((J18*(1+$K$10)),0)) -> 465 | L18: NO REGULADO | M18: =IF(K18=0,100*I18,I18*K18) -> 930 | N18: No | O18: =(45.5*M18)/(SUM($M$16:$M$2953)+SUM(Comerciales!$O$16:$O$1436)) -> 4.413033e-08
B19: 4 | C19: J05AF06 | D19: ABACAVIR (SULFATO) | E19: 300 mg (base) | F19: TABLETA | G19: ORAL | H19: TABLETA | I19: 2 | J19: 1261 | K19: =IF(ISNUMBER(L19),MIN(L19,ROUND((J19*(1+$K$10)),0)),ROUND((J19*(1+$K$10)),0)) -> 1352 | L19: NO REGULADO | M19: =IF(K19=0,100*I19,I19*K19) -> 2704 | N19: No | O19: =(45.5*M19)/(SUM($M$16:$M$2953)+SUM(Comerciales!$O$16:$O$1436)) -> 1.2831012e-07
B20: 5 | C20: J05AR02 | D20: ABACAVIR + LAMIVUDINA | E20: (600 + 300)mg | F20: TABLETA RECUBIERTA | G20: ORAL | H20: TABLETA RECUBIERTA | I20: 331 | J20: 1819 | K20: =IF(ISNUMBER(L20),MIN(L20,ROUND((J20*(1+$K$10)),0)),ROUND((J20*(1+$K$10)),0)) -> 1950 | L20: 29310 | M20: =IF(K20=0,100*I20,I20*K20) -> 645450 | N20: No | O20: =(45.5*M20)/(SUM($M$16:$M$2953)+SUM(Comerciales!$O$16:$O$1436)) -> 3.0627873e-05
B21: 6 | C21: J05AR13 | D21: ABACAVIR + LAMIVUDINA + DOLUTEGRAVIR | E21: (600 + 300 + 50)mg | F21: TABLETA RECUBIERTA | G21: ORAL | H21: TABLETA RECUBIERTA | I21: 8101 | J21: 17684.5 | K21: =IF(ISNUMBER(L21),MIN(L21,ROUND((J21*(1+$K$10)),0)),ROUND((J21*(1+$K$10)),0)) -> 18958 | L21: 62310 | M21: =IF(K21=0,100*I21,I21*K21) -> 153578758 | N21: Sí | O21: =(45.5*M21)/(SUM($M$16:$M$2953)+SUM(Comerciales!$O$16:$O$1436)) -> 0.0072876143
B22: 7 | C22: L04AA24 | D22: ABATACEPT | E22: 125 mg | F22: SOLUCION INYECTABLE | G22: SUBCUTANEA | H22: JERINGA PRELLENADA | I22: 728.91667 | J22: 680183 | K22: =IF(ISNUMBER(L22),MIN(L22,ROUND((J22*(1+$K$10)),0)),ROUND((J22*(1+$K$10)),0)) -> 680183.75 | L22: 680183.75 | M22: =IF(K22=0,100*I22,I22*K22) -> 4.9579727e+08 | N22: Sí | O22: =(45.5*M22)/(SUM($M$16:$M$2953)+SUM(Comerciales!$O$16:$O$1436)) -> 0.023526556
B23: 8 | C23: L04AA24 | D23: ABATACEPT | E23: 250 mg | F23: POLVO LIOFILIZADO PARA SOLUCION INYECTABLE | G23: INTRAVENOSA | H23: VIAL | I23: 88.5 | J23: 1360367 | K23: =IF(ISNUMBER(L23),MIN(L23,ROUND((J23*(1+$K$10)),0)),ROUND((J23*(1+$K$10)),0)) -> 1360367.5 | L23: 1360367.5 | M23: =IF(K23=0,100*I23,I23*K23) -> 1.2039252e+08 | N23: Sí | O23: =(45.5*M23)/(SUM($M$16:$M$2953)+SUM(Comerciales!$O$16:$O$1436)) -> 0.0057128622
B24: 9 | C24: L01XE50 | D24: ABEMACICLIB | E24: 150 mg | F24: TABLETA RECUBIERTA | G24: ORAL | H24: TABLETA RECUBIERTA | I24: 4035 | K24: =IF(ISNUMBER(L24),MIN(L24,ROUND((J24*(1+$K$10)),0)),ROUND((J24*(1+$K$10)),0)) -> 0 | L24: NO REGULADO | M24: =IF(K24=0,100*I24,I24*K24) -> 403500 | N24: No | O24: =(45.5*M24)/(SUM($M$16:$M$2953)+SUM(Comerciales!$O$16:$O$1436)) -> 1.9146869e-05
B25: 10 | C25: L01XE50 | D25: ABEMACICLIB | E25: 100 mg | F25: TABLETA RECUBIERTA | G25: ORAL | H25: TABLETA RECUBIERTA | I25: 1052.7273 | K25: =IF(ISNUMBER(L25),MIN(L25,ROUND((J25*(1+$K$10)),0)),ROUND((J25*(1+$K$10)),0)) -> 0 | L25: NO REGULADO | M25: =IF(K25=0,100*I25,I25*K25) -> 105272.73 | N25: No | O25: =(45.5*M25)/(SUM($M$16:$M$2953)+SUM(Comerciales!$O$16:$O$1436)) -> 4.9953981e-06
B26: 11 | C26: L01XE50 | D26: ABEMACICLIB | E26: 50 mg | F26: TABLETA RECUBIERTA | G26: ORAL | H26: TABLETA RECUBIERTA | I26: 61 | K26: =IF(ISNUMBER(L26),MIN(L26,ROUND((J26*(1+$K$10)),0)),ROUND((J26*(1+$K$10)),0)) -> 0 | L26: NO REGULADO | M26: =IF(K26=0,100*I26,I26*K26) -> 6100 | N26: No | O26: =(45.5*M26)/(SUM($M$16:$M$2953)+SUM(Comerciales!$O$16:$O$1436)) -> 2.8945701e-07
B27: 12 | C27: L02BX03 | D27: ABIRATERONA | E27: 250 mg | F27: TABLETA | G27: ORAL | H27: TABLETA | I27: 46748.5 | J27: 7193.5 | K27: =IF(ISNUMBER(L27),MIN(L27,ROUND((J27*(1+$K$10)),0)),ROUND((J27*(1+$K$10)),0)) -> 7711 | L27: 78045 | M27: =IF(K27=0,100*I27,I27*K27) -> 3.6047768e+08 | N27: Sí | O27: =(45.5*M27)/(SUM($M$16:$M$2953)+SUM(Comerciales!$O$16:$O$1436)) -> 0.017105376
B28: 13 | C28: L02BX03 | D28: ABIRATERONA | E28: 500 mg | F28: TABLETA | G28: ORAL | H28: TABLETA | I28: 5240 | J28: 149623.81 | K28: =IF(ISNUMBER(L28),MIN(L28,ROUND((J28*(1+$K$10)),0)),ROUND((J28*(1+$K$10)),0)) -> 156090 | L28: 156090 | M28: =IF(K28=0,100*I28,I28*K28) -> 817911600 | N28: Sí | O28: =(45.5*M28)/(SUM($M$16:$M$2953)+SUM(Comerciales!$O$16:$O$1436)) -> 0.038811515
B29: 14 | C29: L01EL02 | D29: ACALABRUTINIB | E29: 100 mg | F29: TABLETA RECUBIERTA | G29: ORAL | H29: TABLETA RECUBIERTA | I29: 82.818182 | K29: =IF(ISNUMBER(L29),MIN(L29,ROUND((J29*(1+$K$10)),0)),ROUND((J29*(1+$K$10)),0)) -> 0 | L29: NO REGULADO | M29: =IF(K29=0,100*I29,I29*K29) -> 8281.8182 | N29: No | O29: =(45.5*M29)/(SUM($M$16:$M$2953)+SUM(Comerciales!$O$16:$O$1436)) -> 3.9298857e-07
B30: 15 | C30: M01AB16 | D30: ACECLOFENACO | E30: 100 mg | F30: TAB/CAPS/GRAG/COMP | G30: ORAL | H30: TAB/CAPS/GRAG/COMP/PERLA | I30: 2581 | J30: 3785 | K30: =IF(ISNUMBER(L30),MIN(L30,ROUND((J30*(1+$K$10)),0)),ROUND((J30*(1+$K$10)),0)) -> 4058 | L30: NO REGULADO | M30: =IF(K30=0,100*I30,I30*K30) -> 10473698 | N30: No | O30: =(45.5*M30)/(SUM($M$16:$M$2953)+SUM(Comerciales!$O$16:$O$1436)) -> 0.00049699758
B31: 16 | C31: M01AB16 | D31: ACECLOFENACO | E31: 200 mg | F31: TABLETA/CAPSULA/GRAGEA/COMPRIMIDO/PERLA/LIBERACION MODIFICADA | G31: ORAL | H31: TAB/CAPS/GRAG/COMP/PERLA | I31: 1182.4167 | J31: 7084 | K31: =IF(ISNUMBER(L31),MIN(L31,ROUND((J31*(1+$K$10)),0)),ROUND((J31*(1+$K$10)),0)) -> 7594 | L31: NO REGULADO | M31: =IF(K31=0,100*I31,I31*K31) -> 8979272.2 | N31: No | O31: =(45.5*M31)/(SUM($M$16:$M$2953)+SUM(Comerciales!$O$16:$O$1436)) -> 0.00042608414
B32: 17 | C32: A06AB05 | D32: ACEITE DE RICINO | E32: (0.15+18.5+8)g/100g | F32: SOLUCION/SUSPENSION | G32: ORAL | H32: MILILITRO | I32: 842.66667 | J32: 1807 | K32: =IF(ISNUMBER(L32),MIN(L32,ROUND((J32*(1+$K$10)),0)),ROUND((J32*(1+$K$10)),0)) -> 1937 | L32: NO REGULADO | M32: =IF(K32=0,100*I32,I32*K32) -> 1632245.3 | N32: No | O32: =(45.5*M32)/(SUM($M$16:$M$2953)+SUM(Comerciales!$O$16:$O$1436)) -> 7.7453254e-05
B33: 18 | C33: NO REGISTRA | D33: ACEITE VEGETAL + SIMETICONA | E33: (20+125)mg | F33: TAB/CAPS/GRAG/COMP | G33: ORAL | H33: NO REGISTRA | I33: 8 | K33: =IF(ISNUMBER(L33),MIN(L33,ROUND((J33*(1+$K$10)),0)),ROUND((J33*(1+$K$10)),0)) -> 0 | L33: NO REGISTRA | M33: =IF(K33=0,100*I33,I33*K33) -> 800 | N33: No | O33: =(45.5*M33)/(SUM($M$16:$M$2953)+SUM(Comerciales!$O$16:$O$1436)) -> 3.7961575e-08
B34: 19 | C34: M01AB11 | D34: ACEMETACINA | E34: 60mg | F34: TAB/CAPS/GRAG/COMP | G34: ORAL | H34: TABLETA/CAPSULA/GRAGEA/COMPRIMIDO/PERLA | I34: 2 | J34: 6137.89 | K34: =IF(ISNUMBER(L34),MIN(L34,ROUND((J34*(1+$K$10)),0)),ROUND((J34*(1+$K$10)),0)) -> 6580 | L34: NO REGULADO | M34: =IF(K34=0,100*I34,I34*K34) -> 13160 | N34: No | O34: =(45.5*M34)/(SUM($M$16:$M$2953)+SUM(Comerciales!$O$16:$O$1436)) -> 6.244679e-07
B35: 20 | C35: D07AC14 | D35: ACEPONATO DE METILPREDNISOLONA | E35: 0.001 | F35: EMULSION/LOCION | G35: TÓPICA | H35: GRAMOS | I35: 2232.5 | J35: 2569 | K35: =IF(ISNUMBER(L35),MIN(L35,ROUND((J35*(1+$K$10)),0)),ROUND((J35*(1+$K$10)),0)) -> 2754 | L35: NO REGULADO | M35: =IF(K35=0,100*I35,I35*K35) -> 6148305 | N35: No | O35: =(45.5*M35)/(SUM($M$16:$M$2953)+SUM(Comerciales!$O$16:$O$1436)) -> 0.00029174917
B36: 21 | C36: NO REGISTRA | D36: ACEPONATO DE METILPREDNISOLONA | E36: 0.001 | F36: CREMA/UNGUENTO | G36: TOPICO | H36: NO REGISTRA | I36: 1083 | J36: 87928.2 | K36: =IF(ISNUMBER(L36),MIN(L36,ROUND((J36*(1+$K$10)),0)),ROUND((J36*(1+$K$10)),0)) -> 94259 | L36: NO REGISTRA | M36: =IF(K36=0,100*I36,I36*K36) -> 102082497 | N36: Sí | O36: =(45.5*M36)/(SUM($M$16:$M$2953)+SUM(Comerciales!$O$16:$O$1436)) -> 0.0048440154
B37: 22 | C37: N02BE01 | D37: ACETAMINOFEN | E37: 500mg | F37: TAB/CAPS/GRAG/COMP | G37: ORAL | H37: TABLETA/CAPSULA/GRAGEA/COMPRIMIDO/PERLA | I37: 11983772 | J37: 46 | K37: =IF(ISNUMBER(L37),MIN(L37,ROUND((J37*(1+$K$10)),0)),ROUND((J37*(1+$K$10)),0)) -> 49 | L37: NO REGULADO | M37: =IF(K37=0,100*I37,I37*K37) -> 5.872048e+08 | N37: Sí | O37: =(45.5*M37)/(SUM($M$16:$M$2953)+SUM(Comerciales!$O$16:$O$1436)) -> 0.027864024
B38: 23 | C38: N02BE01 | D38: ACETAMINOFEN | E38: 150mg/5mL (3%) | F38: SOLUCION/SUSPENSION | G38: ORAL | H38: MILILITRO | I38: 332293 | J38: 95 | K38: =IF(ISNUMBER(L38),MIN(L38,ROUND((J38*(1+$K$10)),0)),ROUND((J38*(1+$K$10)),0)) -> 102 | L38: NO REGULADO | M38: =IF(K38=0,100*I38,I38*K38) -> 33893886 | N38: Sí | O38: =(45.5*M38)/(SUM($M$16:$M$2953)+SUM(Comerciales!$O$16:$O$1436)) -> 0.0016083316
B39: 24 | C39: N02BE01 | D39: ACETAMINOFEN | E39: 160mg/5mL (3,2%) | F39: SOLUCION/SUSPENSION | G39: ORAL | H39: MILILITRO | I39: 15528 | J39: 98 | K39: =IF(ISNUMBER(L39),MIN(L39,ROUND((J39*(1+$K$10)),0)),ROUND((J39*(1+$K$10)),0)) -> 105 | L39: NO REGULADO | M39: =IF(K39=0,100*I39,I39*K39) -> 1630440 | N39: No | O39: =(45.5*M39)/(SUM($M$16:$M$2953)+SUM(Comerciales!$O$16:$O$1436)) -> 7.7367587e-05
B40: 25 | C40: N02BE01 | D40: ACETAMINOFEN | E40: 325mg | F40: TAB/CAPS/GRAG/COMP | G40: ORAL | H40: TAB/CAPS/GRAG/COMP/PERLA | I40: 7311 | J40: 366 | K40: =IF(ISNUMBER(L40),MIN(L40,ROUND((J40*(1+$K$10)),0)),ROUND((J40*(1+$K$10)),0)) -> 392 | L40: NO REGULADO | M40: =IF(K40=0,100*I40,I40*K40) -> 2865912 | N40: No | O40: =(45.5*M40)/(SUM($M$16:$M$2953)+SUM(Comerciales!$O$16:$O$1436)) -> 0.00013599317
B41: 26 | C41: N02BE01 | D41: ACETAMINOFEN | E41: 250mg/5mL (5%) | F41: SOLUCION/SUSPENSIÓN | G41: ORAL | H41: MILILITRO | I41: 5531.9091 | J41: 226 | K41: =IF(ISNUMBER(L41),MIN(L41,ROUND((J41*(1+$K$10)),0)),ROUND((J41*(1+$K$10)),0)) -> 242 | L41: NO REGULADO | M41: =IF(K41=0,100*I41,I41*K41) -> 1338722 | N41: No | O41: =(45.5*M41)/(SUM($M$16:$M$2953)+SUM(Comerciales!$O$16:$O$1436)) -> 6.3524994e-05
B42: 27 | C42: N02BE01 | D42: ACETAMINOFEN | E42: 100mg/mL (10%) | F42: SOLUCION/SUSPENSION | G42: ORAL | H42: MILILITRO | I42: 1413.5 | J42: 84 | K42: =IF(ISNUMBER(L42),MIN(L42,ROUND((J42*(1+$K$10)),0)),ROUND((J42*(1+$K$10)),0)) -> 90 | L42: NO REGULADO | M42: =IF(K42=0,100*I42,I42*K42) -> 127215 | N42: No | O42: =(45.5*M42)/(SUM($M$16:$M$2953)+SUM(Comerciales!$O$16:$O$1436)) -> 6.0366021e-06
B43: 28 | C43: N02BE01 | D43: ACETAMINOFEN | E43: 100mg | F43: TABLETA/CAPSULA/GRAGEA/COMPRIMIDO/PERLA/MASTICABLE | G43: ORAL | H43: TAB/CAPS/GRAG/COMP/PERLA | I43: 2 | J43: 1095 | K43: =IF(ISNUMBER(L43),MIN(L43,ROUND((J43*(1+$K$10)),0)),ROUND((J43*(1+$K$10)),0)) -> 1174 | L43: NO REGULADO | M43: =IF(K43=0,100*I43,I43*K43) -> 2348 | N43: No | O43: =(45.5*M43)/(SUM($M$16:$M$2953)+SUM(Comerciales!$O$16:$O$1436)) -> 1.1141722e-07
B44: 29 | C44: N02BE01 | D44: ACETAMINOFEN | E44: 10mg/mL (1%) | F44: AMP/VIAL/JP | G44: PARENTERAL | H44: AMP/VIAL/JP/DISPOS | I44: 6937.8333 | J44: 13941 | K44: =IF(ISNUMBER(L44),MIN(L44,ROUND((J44*(1+$K$10)),0)),ROUND((J44*(1+$K$10)),0)) -> 14945 | L44: NO REGULADO | M44: =IF(K44=0,100*I44,I44*K44) -> 1.0368592e+08 | N44: Sí | O44: =(45.5*M44)/(SUM($M$16:$M$2953)+SUM(Comerciales!$O$16:$O$1436)) -> 0.0049201009
B45: 30 | C45: N02BE51 | D45: ACETAMINOFEN + ACIDO ACETIL SALICILICO + CAFEINA | E45: (200-500)+(200-500)+(20-80)mg | F45: TAB/CAPS/GRAG/COMP | G45: ORAL | H45: TABLETA/CAPSULA/GRAGEA/COMPRIMIDO/PERLA | I45: 56460.455 | J45: 1575 | K45: =IF(ISNUMBER(L45),MIN(L45,ROUND((J45*(1+$K$10)),0)),ROUND((J45*(1+$K$10)),0)) -> 1688 | L45: NO REGULADO | M45: =IF(K45=0,100*I45,I45*K45) -> 95305247 | N45: Sí | O45: =(45.5*M45)/(SUM($M$16:$M$2953)+SUM(Comerciales!$O$16:$O$1436)) -> 0.0045224216
B46: 31 | C46: N02BE51 | D46: ACETAMINOFEN + CAFEINA | E46: [500+(50-65)]mg | F46: TAB/CAPS/GRAG/COMP | G46: ORAL | H46: TABLETA/CAPSULA/GRAGEA/COMPRIMIDO/PERLA | I46: 62085.833 | J46: 552 | K46: =IF(ISNUMBER(L46),MIN(L46,ROUND((J46*(1+$K$10)),0)),ROUND((J46*(1+$K$10)),0)) -> 592 | L46: NO REGULADO | M46: =IF(K46=0,100*I46,I46*K46) -> 36754813 | N46: Sí | O46: =(45.5*M46)/(SUM($M$16:$M$2953)+SUM(Comerciales!$O$16:$O$1436)) -> 0.0017440882
B47: 32 | C47: N02BE51 | D47: ACETAMINOFEN + CAFEINA + FENILEFRINA + CETIRIZINA | E47: (500+30+10+5)mg | F47: TABLETA/CAPSULA/GRAGEA/COMPRIMIDO/PERLA | G47: ORAL | H47: TABLETA/CAPSULA/GRAGEA/COMPRIMIDO/PERLA | I47: 2 | K47: =IF(ISNUMBER(L47),MIN(L47,ROUND((J47*(1+$K$10)),0)),ROUND((J47*(1+$K$10)),0)) -> 0 | L47: NO REGULADO | M47: =IF(K47=0,100*I47,I47*K47) -> 200 | N47: No | O47: =(45.5*M47)/(SUM($M$16:$M$2953)+SUM(Comerciales!$O$16:$O$1436)) -> 9.4903936e-09
B48: 33 | C48: N02AA59 | D48: ACETAMINOFEN + CODEINA | E48: (325+30)mg | F48: TABLETA/CAPSULA/GRAGEA/COMPRIMIDO/PERLA | G48: ORAL | H48: TABLETA/CAPSULA/GRAGEA/COMPRIMIDO/PERLA | I48: 6065.6667 | J48: 291 | K48: =IF(ISNUMBER(L48),MIN(L48,ROUND((J48*(1+$K$10)),0)),ROUND((J48*(1+$K$10)),0)) -> 312 | L48: NO REGULADO | M48: =IF(K48=0,100*I48,I48*K48) -> 1892488 | N48: No | O48: =(45.5*M48)/(SUM($M$16:$M$2953)+SUM(Comerciales!$O$16:$O$1436)) -> 8.980228e-05
B49: 34 | C49: N02AA59 | D49: ACETAMINOFEN + CODEINA | E49: (325+8)mg | F49: TABLETA/CAPSULA/GRAGEA/COMPRIMIDO/PERLA | G49: ORAL | H49: TABLETA/CAPSULA/GRAGEA/COMPRIMIDO/PERLA | I49: 2294.1667 | J49: 226 | K49: =IF(ISNUMBER(L49),MIN(L49,ROUND((J49*(1+$K$10)),0)),ROUND((J49*(1+$K$10)),0)) -> 242 | L49: NO REGULADO | M49: =IF(K49=0,100*I49,I49*K49) -> 555188.33 | N49: No | O49: =(45.5*M49)/(SUM($M$16:$M$2953)+SUM(Comerciales!$O$16:$O$1436)) -> 2.6344779e-05
B50: 35 | C50: N02AA59 | D50: ACETAMINOFEN + CODEINA | E50: (325+15)mg | F50: TABLETA/CAPSULA/GRAGEA/COMPRIMIDO/PERLA | G50: ORAL | H50: TABLETA/CAPSULA/GRAGEA/COMPRIMIDO/PERLA | I50: 1155 | J50: 141 | K50: =IF(ISNUMBER(L50),MIN(L50,ROUND((J50*(1+$K$10)),0)),ROUND((J50*(1+$K$10)),0)) -> 151 | L50: NO REGULADO | M50: =IF(K50=0,100*I50,I50*K50) -> 174405 | N50: No | O50: =(45.5*M50)/(SUM($M$16:$M$2953)+SUM(Comerciales!$O$16:$O$1436)) -> 8.2758605e-06
B51: 36 | C51: N02BE51 | D51: ACETAMINOFEN + FENILEFRINA + CLORFENIRAMINA | E51: (500+5+2) mg | F51: TABLETA/CAPSULA/GRAGEA/COMPRIMIDO/PERLA | G51: ORAL | H51: TABLETA/CAPSULA/GRAGEA/COMPRIMIDO/PERLA | I51: 1 | K51: =IF(ISNUMBER(L51),MIN(L51,ROUND((J51*(1+$K$10)),0)),ROUND((J51*(1+$K$10)),0)) -> 0 | L51: NO REGULADO | M51: =IF(K51=0,100*I51,I51*K51) -> 100 | N51: No | O51: =(45.5*M51)/(SUM($M$16:$M$2953)+SUM(Comerciales!$O$16:$O$1436)) -> 4.7451968e-09
B52: 37 | C52: N02BE71 | D52: ACETAMINOFEN + HIDROCODONA | E52: (325+5)mg | F52: TABLETA/CAPSULA/GRAGEA/COMPRIMIDO/PERLA | G52: ORAL | H52: TABLETA/CAPSULA/GRAGEA/COMPRIMIDO/PERLA | I52: 17751.25 | J52: 415 | K52: =IF(ISNUMBER(L52),MIN(L52,ROUND((J52*(1+$K$10)),0)),ROUND((J52*(1+$K$10)),0)) -> 445 | L52: NO REGULADO | M52: =IF(K52=0,100*I52,I52*K52) -> 7899306.2 | N52: No | O52: =(45.5*M52)/(SUM($M$16:$M$2953)+SUM(Comerciales!$O$16:$O$1436)) -> 0.00037483763
B53: 38 | C53: N02BE71 | D53: ACETAMINOFEN + HIDROCODONA | E53: (325+7.5)mg | F53: TABLETA/CAPSULA/GRAGEA/COMPRIMIDO/PERLA | G53: ORAL | H53: TABLETA/CAPSULA/GRAGEA/COMPRIMIDO/PERLA | I53: 2560 | K53: =IF(ISNUMBER(L53),MIN(L53,ROUND((J53*(1+$K$10)),0)),ROUND((J53*(1+$K$10)),0)) -> 0 | L53: NO REGULADO | M53: =IF(K53=0,100*I53,I53*K53) -> 256000 | N53: No | O53: =(45.5*M53)/(SUM($M$16:$M$2953)+SUM(Comerciales!$O$16:$O$1436)) -> 1.2147704e-05
B54: 39 | C54: N02BE71 | D54: ACETAMINOFEN + HIDROCODONA | E54: (325+10)mg | F54: TABLETA/CAPSULA/GRAGEA/COMPRIMIDO/PERLA | G54: ORAL | H54: TABLETA/CAPSULA/GRAGEA/COMPRIMIDO/PERLA | I54: 1625 | J54: 1806 | K54: =IF(ISNUMBER(L54),MIN(L54,ROUND((J54*(1+$K$10)),0)),ROUND((J54*(1+$K$10)),0)) -> 1936 | L54: NO REGULADO | M54: =IF(K54=0,100*I54,I54*K54) -> 3146000 | N54: No | O54: =(45.5*M54)/(SUM($M$16:$M$2953)+SUM(Comerciales!$O$16:$O$1436)) -> 0.00014928389
B55: 40 | C55: N02BE51 | D55: ACETAMINOFEN + IBUPROFENO + CAFEINA | E55: (250+400+65)mg | F55: TAB/CAPS/GRAG/COMP | G55: ORAL | H55: TAB/CAPS/GRAG/COMP/PERLA | I55: 257206.5 | J55: 1982 | K55: =IF(ISNUMBER(L55),MIN(L55,ROUND((J55*(1+$K$10)),0)),ROUND((J55*(1+$K$10)),0)) -> 2125 | L55: NO REGULADO | M55: =IF(K55=0,100*I55,I55*K55) -> 5.4656381e+08 | N55: Sí | O55: =(45.5*M55)/(SUM($M$16:$M$2953)+SUM(Comerciales!$O$16:$O$1436)) -> 0.025935529
B56: 41 | C56: N02BE51-3 | D56: ACETAMINOFEN + IBUPROFENO + CAFEINA | E56: (250+200+65)mg | F56: TAB/CAPS/GRAG/COMP | G56: ORAL | H56: TAB/CAPS/GRAG/COMP | I56: 60621 | J56: 1882 | K56: =IF(ISNUMBER(L56),MIN(L56,ROUND((J56*(1+$K$10)),0)),ROUND((J56*(1+$K$10)),0)) -> 2018 | L56: NO REGULADO | M56: =IF(K56=0,100*I56,I56*K56) -> 122333178 | N56: Sí | O56: =(45.5*M56)/(SUM($M$16:$M$2953)+SUM(Comerciales!$O$16:$O$1436)) -> 0.0058049501
B57: 42 | C57: N02BE51 | D57: ACETAMINOFEN + METOCARBAMOL | E57: (325+400)mg | F57: TAB/CAPS/GRAG/COMP | G57: ORAL | H57: TAB/CAPS/GRAG/COMP/PERLA | I57: 117451 | J57: 4016 | K57: =IF(ISNUMBER(L57),MIN(L57,ROUND((J57*(1+$K$10)),0)),ROUND((J57*(1+$K$10)),0)) -> 4305 | L57: NO REGULADO | M57: =IF(K57=0,100*I57,I57*K57) -> 505626555 | N57: Sí | O57: =(45.5*M57)/(SUM($M$16:$M$2953)+SUM(Comerciales!$O$16:$O$1436)) -> 0.023992975
B58: 43 | C58: NO REGISTRA | D58: ACETAMINOFEN + METOCARBAMOL | E58: (350+750)mg | F58: TAB/CAPS/GRAG/COMP | G58: ORAL | H58: NO REGISTRA | I58: 109440 | J58: 1440 | K58: =IF(ISNUMBER(L58),MIN(L58,ROUND((J58*(1+$K$10)),0)),ROUND((J58*(1+$K$10)),0)) -> 1544 | L58: NO REGISTRA | M58: =IF(K58=0,100*I58,I58*K58) -> 168975360 | N58: Sí | O58: =(45.5*M58)/(SUM($M$16:$M$2953)+SUM(Comerciales!$O$16:$O$1436)) -> 0.0080182134
B59: 44 | C59: N02BE51 | D59: ACETAMINOFEN + METOCARBAMOL | E59: (350+500)mg | F59: TAB/CAPS/GRAG/COMP | G59: ORAL | H59: TAB/CAPS/GRAG/COMP/PERLA | I59: 12631 | K59: =IF(ISNUMBER(L59),MIN(L59,ROUND((J59*(1+$K$10)),0)),ROUND((J59*(1+$K$10)),0)) -> 0 | L59: NO REGULADO | M59: =IF(K59=0,100*I59,I59*K59) -> 1263100 | N59: No | O59: =(45.5*M59)/(SUM($M$16:$M$2953)+SUM(Comerciales!$O$16:$O$1436)) -> 5.9936581e-05
B60: 45 | C60: N02BE71 | D60: ACETAMINOFEN + NAPROXENO + CAFEINA | E60: (325+250+65)mg | F60: TAB/CAPS/GRAG/COMP | G60: ORAL | H60: TAB/CAPS/GRAG/COMP/PERLA | I60: 113705 | J60: 2725 | K60: =IF(ISNUMBER(L60),MIN(L60,ROUND((J60*(1+$K$10)),0)),ROUND((J60*(1+$K$10)),0)) -> 2921 | L60: NO REGULADO | M60: =IF(K60=0,100*I60,I60*K60) -> 332132305 | N60: Sí | O60: =(45.5*M60)/(SUM($M$16:$M$2953)+SUM(Comerciales!$O$16:$O$1436)) -> 0.015760332
B61: 46 | C61: N02BE71 | D61: ACETAMINOFEN + NAPROXENO + CAFEINA | E61: (250+220+65)mg | F61: TAB/CAPS/GRAG/COMP | G61: ORAL | H61: TAB/CAPS/GRAG/COMP/PERLA | I61: 54443.625 | J61: 1571 | K61: =IF(ISNUMBER(L61),MIN(L61,ROUND((J61*(1+$K$10)),0)),ROUND((J61*(1+$K$10)),0)) -> 1684 | L61: NO REGULADO | M61: =IF(K61=0,100*I61,I61*K61) -> 91683064 | N61: Sí | O61: =(45.5*M61)/(SUM($M$16:$M$2953)+SUM(Comerciales!$O$16:$O$1436)) -> 0.0043505419
B62: 47 | C62: N02AA55 N02AJ17 | D62: ACETAMINOFEN + OXICODONA | E62: (325+5)mg | F62: TAB/CAPS/GRAG/COMP | G62: ORAL | H62: TAB/CAPS/GRAG/COMP/PERLA | I62: 6787.25 | J62: 4105 | K62: =IF(ISNUMBER(L62),MIN(L62,ROUND((J62*(1+$K$10)),0)),ROUND((J62*(1+$K$10)),0)) -> 4401 | L62: NO REGULADO | M62: =IF(K62=0,100*I62,I62*K62) -> 29870687 | N62: No | O62: =(45.5*M62)/(SUM($M$16:$M$2953)+SUM(Comerciales!$O$16:$O$1436)) -> 0.0014174229
B63: 48 | C63: N02AA55 N02AJ17 | D63: ACETAMINOFEN + OXICODONA | E63: (325+20)mg | F63: TAB/CAPS/GRAG/COMP | G63: ORAL | H63: TAB/CAPS/GRAG/COMP/PERLA | I63: 715 | J63: 10868 | K63: =IF(ISNUMBER(L63),MIN(L63,ROUND((J63*(1+$K$10)),0)),ROUND((J63*(1+$K$10)),0)) -> 11650 | L63: NO REGULADO | M63: =IF(K63=0,100*I63,I63*K63) -> 8329750 | N63: No | O63: =(45.5*M63)/(SUM($M$16:$M$2953)+SUM(Comerciales!$O$16:$O$1436)) -> 0.00039526303
B64: 49 | C64: N02AA55 N02AJ17 | D64: ACETAMINOFEN + OXICODONA | E64: (325+10)mg | F64: TAB/CAPS/GRAG/COMP | G64: ORAL | H64: TAB/CAPS/GRAG/COMP/PERLA | I64: 435 | J64: 4893 | K64: =IF(ISNUMBER(L64),MIN(L64,ROUND((J64*(1+$K$10)),0)),ROUND((J64*(1+$K$10)),0)) -> 5245 | L64: NO REGULADO | M64: =IF(K64=0,100*I64,I64*K64) -> 2281575 | N64: No | O64: =(45.5*M64)/(SUM($M$16:$M$2953)+SUM(Comerciales!$O$16:$O$1436)) -> 0.00010826522
B65: 50 | C65: NO REGISTRA | D65: ACETAMINOFEN + OXICODONA | E65: (325+2.5)mg | F65: TAB/CAPS/GRAG/COMP | G65: ORAL | H65: NO REGISTRA | I65: 1 | K65: =IF(ISNUMBER(L65),MIN(L65,ROUND((J65*(1+$K$10)),0)),ROUND((J65*(1+$K$10)),0)) -> 0 | L65: NO REGISTRA | M65: =IF(K65=0,100*I65,I65*K65) -> 100 | N65: No | O65: =(45.5*M65)/(SUM($M$16:$M$2953)+SUM(Comerciales!$O$16:$O$1436)) -> 4.7451968e-09
B66: 51 | C66: N02BE51 | D66: ACETAMINOFEN + TIOCOLCHICOSIDO | E66: (325+4)mg | F66: TAB/CAPS/GRAG/COMP | G66: ORAL | H66: TABLETA/CAPSULA/GRAGEA/COMPRIMIDO/PERLA | I66: 113481.67 | J66: 4852 | K66: =IF(ISNUMBER(L66),MIN(L66,ROUND((J66*(1+$K$10)),0)),ROUND((J66*(1+$K$10)),0)) -> 5201 | L66: NO REGULADO | M66: =IF(K66=0,100*I66,I66*K66) -> 5.9021815e+08 | N66: Sí | O66: =(45.5*M66)/(SUM($M$16:$M$2953)+SUM(Comerciales!$O$16:$O$1436)) -> 0.028007013
B67: 52 | C67: N02BE51 | D67: ACETAMINOFEN + TIZANIDINA | E67: (350+2)mg | F67: TAB/CAPS/GRAG/COMP | G67: ORAL | H67: TABLETA/CAPSULA/GRAGEA/COMPRIMIDO/PERLA | I67: 574473 | J67: 929 | K67: =IF(ISNUMBER(L67),MIN(L67,ROUND((J67*(1+$K$10)),0)),ROUND((J67*(1+$K$10)),0)) -> 996 | L67: NO REGULADO | M67: =IF(K67=0,100*I67,I67*K67) -> 572175108 | N67: Sí | O67: =(45.5*M67)/(SUM($M$16:$M$2953)+SUM(Comerciales!$O$16:$O$1436)) -> 0.027150835
B68: 53 | C68: N02AX52 | D68: ACETAMINOFEN + TRAMADOL | E68: (325+37.5)mg | F68: TAB/CAPS/GRAG/COMP | G68: ORAL | H68: TABLETA/CAPSULA/GRAGEA/COMPRIMIDO/PERLA | I68: 2223376 | J68: 333 | K68: =IF(ISNUMBER(L68),MIN(L68,ROUND((J68*(1+$K$10)),0)),ROUND((J68*(1+$K$10)),0)) -> 357 | L68: NO REGULADO | M68: =IF(K68=0,100*I68,I68*K68) -> 793745232 | N68: Sí | O68: =(45.5*M68)/(SUM($M$16:$M$2953)+SUM(Comerciales!$O$16:$O$1436)) -> 0.037664774
B69: 54 | C69: S01EC01 | D69: ACETAZOLAMIDA | E69: 250mg | F69: TAB/CAPS/GRAG/COMP | G69: ORAL | H69: TABLETA/CAPSULA/GRAGEA/COMPRIMIDO/PERLA | I69: 19054.833 | J69: 507 | K69: =IF(ISNUMBER(L69),MIN(L69,ROUND((J69*(1+$K$10)),0)),ROUND((J69*(1+$K$10)),0)) -> 544 | L69: NO REGULADO | M69: =IF(K69=0,100*I69,I69*K69) -> 10365829 | N69: No | O69: =(45.5*M69)/(SUM($M$16:$M$2953)+SUM(Comerciales!$O$16:$O$1436)) -> 0.000491879
B70: 55 | C70: N02BA01 | D70: ACETIL SALICILICO ACIDO | E70: 100mg | F70: TAB/CAPS/GRAG/COMP | G70: ORAL | H70: TABLETA/CAPSULA/GRAGEA/COMPRIMIDO/PERLA | I70: 3748868.9 | J70: 45.25 | K70: =IF(ISNUMBER(L70),MIN(L70,ROUND((J70*(1+$K$10)),0)),ROUND((J70*(1+$K$10)),0)) -> 49 | L70: NO REGULADO | M70: =IF(K70=0,100*I70,I70*K70) -> 1.8369458e+08 | N70: Sí | O70: =(45.5*M70)/(SUM($M$16:$M$2953)+SUM(Comerciales!$O$16:$O$1436)) -> 0.0087166692
B71: 56 | C71: N02BE71 | D71: ACETIL SALICILICO ACIDO | E71: 81mg | F71: TAB/CAPS/GRAG/COMP | G71: ORAL | H71: NO REGISTRA | I71: 92370 | J71: 1174 | K71: =IF(ISNUMBER(L71),MIN(L71,ROUND((J71*(1+$K$10)),0)),ROUND((J71*(1+$K$10)),0)) -> 1259 | L71: NO REGISTRA | M71: =IF(K71=0,100*I71,I71*K71) -> 116293830 | N71: Sí | O71: =(45.5*M71)/(SUM($M$16:$M$2953)+SUM(Comerciales!$O$16:$O$1436)) -> 0.0055183711
B72: 57 | C72: N02BA01 | D72: ACETIL SALICILICO ACIDO | E72: 150mg | F72: TAB/CAPS/GRAG/COMP | G72: ORAL | H72: TAB/CAPS/GRAG/COMP/PERLA | I72: 9559.7273 | J72: 2378 | K72: =IF(ISNUMBER(L72),MIN(L72,ROUND((J72*(1+$K$10)),0)),ROUND((J72*(1+$K$10)),0)) -> 2549 | L72: NO REGULADO | M72: =IF(K72=0,100*I72,I72*K72) -> 24367745 | N72: No | O72: =(45.5*M72)/(SUM($M$16:$M$2953)+SUM(Comerciales!$O$16:$O$1436)) -> 0.0011562975
B73: 58 | C73: N02BA01 | D73: ACETIL SALICILICO ACIDO | E73: 81mg | F73: TAB/CAPS/GRAG/COMP | G73: ORAL | H73: TABLETA/CAPSULA/GRAGEA/COMPRIMIDO/PERLA | I73: 3416.1667 | J73: 1902 | K73: =IF(ISNUMBER(L73),MIN(L73,ROUND((J73*(1+$K$10)),0)),ROUND((J73*(1+$K$10)),0)) -> 2039 | L73: NO REGULADO | M73: =IF(K73=0,100*I73,I73*K73) -> 6965563.8 | N73: No | O73: =(45.5*M73)/(SUM($M$16:$M$2953)+SUM(Comerciales!$O$16:$O$1436)) -> 0.00033052971
B74: 59 | C74: NO REGISTRA | D74: ACETIL SALICILICO ACIDO | E74: 500mg | F74: TAB/CAPS/GRAG/COMP | G74: ORAL | H74: NO REGISTRA | I74: 1 | J74: 889 | K74: =IF(ISNUMBER(L74),MIN(L74,ROUND((J74*(1+$K$10)),0)),ROUND((J74*(1+$K$10)),0)) -> 953 | L74: NO REGISTRA | M74: =IF(K74=0,100*I74,I74*K74) -> 953 | N74: No | O74: =(45.5*M74)/(SUM($M$16:$M$2953)+SUM(Comerciales!$O$16:$O$1436)) -> 4.5221726e-08
B75: 60 | C75: R05CB01 | D75: ACETILCISTEINA | E75: 600 mg | F75: GRANULOS | G75: ORAL | H75: GRAMOS | I75: 517177.75 | J75: 1548 | K75: =IF(ISNUMBER(L75),MIN(L75,ROUND((J75*(1+$K$10)),0)),ROUND((J75*(1+$K$10)),0)) -> 1659 | L75: NO REGULADO | M75: =IF(K75=0,100*I75,I75*K75) -> 8.5799789e+08 | N75: Sí | O75: =(45.5*M75)/(SUM($M$16:$M$2953)+SUM(Comerciales!$O$16:$O$1436)) -> 0.040713688
B76: 61 | C76: R05CB01 | D76: ACETILCISTEINA | E76: 200 mg | F76: GRANULOS | G76: ORAL | H76: GRAMOS | I76: 75885.6 | J76: 507 | K76: =IF(ISNUMBER(L76),MIN(L76,ROUND((J76*(1+$K$10)),0)),ROUND((J76*(1+$K$10)),0)) -> 544 | L76: NO REGULADO | M76: =IF(K76=0,100*I76,I76*K76) -> 41281766 | N76: Sí | O76: =(45.5*M76)/(SUM($M$16:$M$2953)+SUM(Comerciales!$O$16:$O$1436)) -> 0.0019589011
B77: 62 | C77: R05CB01 | D77: ACETILCISTEINA | E77: 100 mg/5 mL (2%) | F77: JARABE | G77: ORAL | H77: MILILITRO | I77: 14420.25 | J77: 1786 | K77: =IF(ISNUMBER(L77),MIN(L77,ROUND((J77*(1+$K$10)),0)),ROUND((J77*(1+$K$10)),0)) -> 1915 | L77: NO REGULADO | M77: =IF(K77=0,100*I77,I77*K77) -> 27614779 | N77: No | O77: =(45.5*M77)/(SUM($M$16:$M$2953)+SUM(Comerciales!$O$16:$O$1436)) -> 0.0013103756
... B81: 66 | C81: R05CB01 | D81: ACETILCISTEINA | E81: 300 mg/3 mL | F81: SOLUCION INYECTABLE | G81: INTRAVENOSA - INTRAMUSCULAR | H81: AMPOLLA | I81: 101.5 | J81: 28845 | K81: =IF(ISNUMBER(L81),MIN(L81,ROUND((J81*(1+$K$10)),0)),ROUND((J81*(1+$K$10)),0)) -> 30922 | L81: NO REGULADO | M81: =IF(K81=0,100*I81,I81*K81) -> 3138583 | N81: No | O81: =(45.5*M81)/(SUM($M$16:$M$2953)+SUM(Comerciales!$O$16:$O$1436)) -> 0.00014893194
B82: 67 | C82: R05CB01 | D82: ACETILCISTEINA | E82: 0.1 | F82: SOLUCION PARA NEBULIZACION | G82: INHALATORIA | H82: MILILITRO | I82: 82 | J82: 36192 | K82: =IF(ISNUMBER(L82),MIN(L82,ROUND((J82*(1+$K$10)),0)),ROUND((J82*(1+$K$10)),0)) -> 38798 | L82: NO REGISTRA | M82: =IF(K82=0,100*I82,I82*K82) -> 3181436 | N82: Sí | O82: =(45.5*M82)/(SUM($M$16:$M$2953)+SUM(Comerciales!$O$16:$O$1436)) -> 0.0001509654
B83: 68 | C83: R05CB01 | D83: ACETILCISTEINA | E83: 10 mg/mL | F83: SPRAY NASAL | G83: INTRANASAL | H83: MILILITRO | I83: 1 | J83: 36192 | K83: =IF(ISNUMBER(L83),MIN(L83,ROUND((J83*(1+$K$10)),0)),ROUND((J83*(1+$K$10)),0)) -> 38798 | L83: NO REGISTRA | M83: =IF(K83=0,100*I83,I83*K83) -> 38798 | N83: Sí | O83: =(45.5*M83)/(SUM($M$16:$M$2953)+SUM(Comerciales!$O$16:$O$1436)) -> 1.8410415e-06
B84: 69 | C84: R05CB10 | D84: ACETILCISTEINA + GLICERILO GUAYACOLATO | E84: (20+30)mg (2+3%) | F84: SOLUCION/SUSPENSIÓN | G84: ORAL | H84: MILILITRO | I84: 6007 | J84: 28224 | K84: =IF(ISNUMBER(L84),MIN(L84,ROUND((J84*(1+$K$10)),0)),ROUND((J84*(1+$K$10)),0)) -> 30256 | L84: NO REGULADO | M84: =IF(K84=0,100*I84,I84*K84) -> 181747792 | N84: Sí | O84: =(45.5*M84)/(SUM($M$16:$M$2953)+SUM(Comerciales!$O$16:$O$1436)) -> 0.0086242904
B85: 70 | C85: R05CB10 | D85: ACETILCISTEINA + GLICERILO GUAYACOLATO | E85: (20+20)mg (2+2%) | F85: SOLUCION/SUSPENSIÓN | G85: ORAL | H85: MILILITRO | I85: 1266 | J85: 28224 | K85: =IF(ISNUMBER(L85),MIN(L85,ROUND((J85*(1+$K$10)),0)),ROUND((J85*(1+$K$10)),0)) -> 30256 | L85: NO REGULADO | M85: =IF(K85=0,100*I85,I85*K85) -> 38304096 | N85: No | O85: =(45.5*M85)/(SUM($M$16:$M$2953)+SUM(Comerciales!$O$16:$O$1436)) -> 0.0018176047
B86: 71 | C86: S01EB09 | D86: ACETILCOLINA CLORURO | E86: 20mg | F86: POLVO LIOFILIZADO PARA RECONSTITUCIÓN | G86: INTRAOCULAR | H86: AMPOLLA/VIAL | I86: 5.6 | J86: 142964.45 | K86: =IF(ISNUMBER(L86),MIN(L86,ROUND((J86*(1+$K$10)),0)),ROUND((J86*(1+$K$10)),0)) -> 153258 | L86: NO REGULADO | M86: =IF(K86=0,100*I86,I86*K86) -> 858244.8 | N86: Sí | O86: =(45.5*M86)/(SUM($M$16:$M$2953)+SUM(Comerciales!$O$16:$O$1436)) -> 4.0725405e-05
B87: 72 | C87: NO REGISTRA | D87: ACETILCOLINA CLORURO | E87: 10mg/mL (1%) | F87: AMP/VIAL/JP | G87: INTRAOCULAR | H87: NO REGISTRA | I87: 1 | J87: 142964.45 | K87: =IF(ISNUMBER(L87),MIN(L87,ROUND((J87*(1+$K$10)),0)),ROUND((J87*(1+$K$10)),0)) -> 153258 | L87: NO REGISTRA | M87: =IF(K87=0,100*I87,I87*K87) -> 153258 | N87: Sí | O87: =(45.5*M87)/(SUM($M$16:$M$2953)+SUM(Comerciales!$O$16:$O$1436)) -> 7.2723937e-06
B88: 73 | C88: R03BA06 | D88: ACETONIDO DE TRIAMCINOLONA | E88: 55mcg | F88: INHALADOR | G88: INHALATORIA | H88: DOSIS/INHALACION | I88: 11777 | J88: 767 | K88: =IF(ISNUMBER(L88),MIN(L88,ROUND((J88*(1+$K$10)),0)),ROUND((J88*(1+$K$10)),0)) -> 822 | L88: NO REGULADO | M88: =IF(K88=0,100*I88,I88*K88) -> 9680694 | N88: No | O88: =(45.5*M88)/(SUM($M$16:$M$2953)+SUM(Comerciales!$O$16:$O$1436)) -> 0.00045936798
B89: 74 | C89: H02AB08 | D89: ACETONIDO DE TRIAMCINOLONA | E89: 10mg/mL (1%) | F89: AMP/VIAL/JP | G89: PARENTERAL | H89: AMPOLLA/VIAL | I89: 2031.125 | K89: =IF(ISNUMBER(L89),MIN(L89,ROUND((J89*(1+$K$10)),0)),ROUND((J89*(1+$K$10)),0)) -> 0 | L89: NO REGULADO | M89: =IF(K89=0,100*I89,I89*K89) -> 203112.5 | N89: No | O89: =(45.5*M89)/(SUM($M$16:$M$2953)+SUM(Comerciales!$O$16:$O$1436)) -> 9.6380879e-06
B90: 75 | C90: H02AB08 | D90: ACETONIDO DE TRIAMCINOLONA | E90: 40mg/mL (4%) | F90: AMP/VIAL/JP | G90: PARENTERAL | H90: AMPOLLA/VIAL | I90: 7 | K90: =IF(ISNUMBER(L90),MIN(L90,ROUND((J90*(1+$K$10)),0)),ROUND((J90*(1+$K$10)),0)) -> 0 | L90: NO REGULADO | M90: =IF(K90=0,100*I90,I90*K90) -> 700 | N90: No | O90: =(45.5*M90)/(SUM($M$16:$M$2953)+SUM(Comerciales!$O$16:$O$1436)) -> 3.3216378e-08
B91: 76 | C91: NO REGISTRA | D91: ACETONIDO DE TRIAMCINOLONA | E91: 20mg/mL (2%) | F91: AMP/VIAL/JP | G91: PARENTERAL | H91: NO REGISTRA | I91: 1 | K91: =IF(ISNUMBER(L91),MIN(L91,ROUND((J91*(1+$K$10)),0)),ROUND((J91*(1+$K$10)),0)) -> 0 | L91: NO REGISTRA | M91: =IF(K91=0,100*I91,I91*K91) -> 100 | N91: No | O91: =(45.5*M91)/(SUM($M$16:$M$2953)+SUM(Comerciales!$O$16:$O$1436)) -> 4.7451968e-09
B92: 77 | C92: J05AB01 | D92: ACICLOVIR | E92: 200 mg | F92: TAB/CAPS/GRAG/COMP | G92: ORAL | H92: TABLETA/CAPSULA/GRAGEA/COMPRIMIDO/PERLA | I92: 120434.25 | J92: 178 | K92: =IF(ISNUMBER(L92),MIN(L92,ROUND((J92*(1+$K$10)),0)),ROUND((J92*(1+$K$10)),0)) -> 191 | L92: NO REGULADO | M92: =IF(K92=0,100*I92,I92*K92) -> 23002942 | N92: Sí | O92: =(45.5*M92)/(SUM($M$16:$M$2953)+SUM(Comerciales!$O$16:$O$1436)) -> 0.0010915349
B93: 78 | C93: J05AB01 | D93: ACICLOVIR | E93: 400 mg | F93: TAB/CAPS/GRAG/COMP | G93: ORAL | H93: TAB/CAPS/GRAG/COMP/PERLA | I93: 30849.375 | J93: 1359.7 | K93: =IF(ISNUMBER(L93),MIN(L93,ROUND((J93*(1+$K$10)),0)),ROUND((J93*(1+$K$10)),0)) -> 1458 | L93: NO REGULADO | M93: =IF(K93=0,100*I93,I93*K93) -> 44978389 | N93: Sí | O93: =(45.5*M93)/(SUM($M$16:$M$2953)+SUM(Comerciales!$O$16:$O$1436)) -> 0.0021343131
B94: 79 | C94: NO REGISTRA | D94: ACICLOVIR | E94: 0.05 | F94: UNGUENTO | G94: TOPICO | H94: NO REGISTRA | I94: 5539 | J94: 43290 | K94: =IF(ISNUMBER(L94),MIN(L94,ROUND((J94*(1+$K$10)),0)),ROUND((J94*(1+$K$10)),0)) -> 46407 | L94: NO REGISTRA | M94: =IF(K94=0,100*I94,I94*K94) -> 257048373 | N94: Sí | O94: =(45.5*M94)/(SUM($M$16:$M$2953)+SUM(Comerciales!$O$16:$O$1436)) -> 0.012197451
B95: 80 | C95: J05AB01 | D95: ACICLOVIR | E95: 800 mg | F95: TAB/CAPS/GRAG/COMP | G95: ORAL | H95: TABLETA/CAPSULA/GRAGEA/COMPRIMIDO/PERLA | I95: 4571.5833 | J95: 1128.94 | K95: =IF(ISNUMBER(L95),MIN(L95,ROUND((J95*(1+$K$10)),0)),ROUND((J95*(1+$K$10)),0)) -> 1210 | L95: NO REGULADO | M95: =IF(K95=0,100*I95,I95*K95) -> 5531615.8 | N95: No | O95: =(45.5*M95)/(SUM($M$16:$M$2953)+SUM(Comerciales!$O$16:$O$1436)) -> 0.00026248606
B96: 81 | C96: J05AB01 | D96: ACICLOVIR | E96: 40 mg/mL | F96: SUSPENSION | G96: ORAL | H96: MILILITRO | I96: 3058.4545 | J96: 7976 | K96: =IF(ISNUMBER(L96),MIN(L96,ROUND((J96*(1+$K$10)),0)),ROUND((J96*(1+$K$10)),0)) -> 8550 | L96: NO REGULADO | M96: =IF(K96=0,100*I96,I96*K96) -> 26149786 | N96: No | O96: =(45.5*M96)/(SUM($M$16:$M$2953)+SUM(Comerciales!$O$16:$O$1436)) -> 0.0012408588
B97: 82 | C97: D06BB03 | D97: ACICLOVIR | E97: 0.05 | F97: CREMA | G97: VAGINAL | H97: GRAMOS | I97: 564 | J97: 2886 | K97: =IF(ISNUMBER(L97),MIN(L97,ROUND((J97*(1+$K$10)),0)),ROUND((J97*(1+$K$10)),0)) -> 3094 | L97: NO REGULADO | M97: =IF(K97=0,100*I97,I97*K97) -> 1745016 | N97: No | O97: =(45.5*M97)/(SUM($M$16:$M$2953)+SUM(Comerciales!$O$16:$O$1436)) -> 8.2804444e-05
B98: 83 | C98: J05AB01 | D98: ACICLOVIR | E98: 250 mg | F98: POLVO ESTERIL PARA RECONSTITUIR A SOLUCION INYECTABLE | G98: INTRAVENOSA | H98: VIAL | I98: 453.41667 | J98: 38948 | K98: =IF(ISNUMBER(L98),MIN(L98,ROUND((J98*(1+$K$10)),0)),ROUND((J98*(1+$K$10)),0)) -> 41752 | L98: 78295 | M98: =IF(K98=0,100*I98,I98*K98) -> 18931053 | N98: Sí | O98: =(45.5*M98)/(SUM($M$16:$M$2953)+SUM(Comerciales!$O$16:$O$1436)) -> 0.00089831571
B99: 84 | C99: NO REGISTRA | D99: ACICLOVIR | E99: 20 mg/mL | F99: SUSPENSION | G99: ORAL | H99: NO REGISTRA | I99: 1 | J99: 39880 | K99: =IF(ISNUMBER(L99),MIN(L99,ROUND((J99*(1+$K$10)),0)),ROUND((J99*(1+$K$10)),0)) -> 42751 | L99: NO REGISTRA | M99: =IF(K99=0,100*I99,I99*K99) -> 42751 | N99: Sí | O99: =(45.5*M99)/(SUM($M$16:$M$2953)+SUM(Comerciales!$O$16:$O$1436)) -> 2.0286191e-06
B100: 85 | C100: NO REGISTRA | D100: ACIDO ACETIL SALICILICO + CAFEINA | E100: 650mg+65mg | F100: Tabletas | G100: ORAL | H100: NO REGISTRA | I100: 1 | K100: =IF(ISNUMBER(L100),MIN(L100,ROUND((J100*(1+$K$10)),0)),ROUND((J100*(1+$K$10)),0)) -> 0 | L100: NO REGISTRA | M100: =IF(K100=0,100*I100,I100*K100) -> 100 | N100: No | O100: =(45.5*M100)/(SUM($M$16:$M$2953)+SUM(Comerciales!$O$16:$O$1436)) -> 4.7451968e-09
B101: 86 | C101: D10AX03 | D101: ACIDO AZELAICO | E101: 15% | F101: GEL | G101: TÓPICA | H101: GRAMOS | I101: 3132 | J101: 3760 | K101: =IF(ISNUMBER(L101),MIN(L101,ROUND((J101*(1+$K$10)),0)),ROUND((J101*(1+$K$10)),0)) -> 4031 | L101: NO REGULADO | M101: =IF(K101=0,100*I101,I101*K101) -> 12625092 | N101: No | O101: =(45.5*M101)/(SUM($M$16:$M$2953)+SUM(Comerciales!$O$16:$O$1436)) -> 0.00059908546
B102: 87 | C102: D10AX03 | D102: ACIDO AZELAICO | E102: 20% | F102: CREMA | G102: TOPICO | H102: NO REGISTRA | I102: 1 | K102: =IF(ISNUMBER(L102),MIN(L102,ROUND((J102*(1+$K$10)),0)),ROUND((J102*(1+$K$10)),0)) -> 0 | L102: NO REGISTRA | M102: =IF(K102=0,100*I102,I102*K102) -> 100 | N102: No | O102: =(45.5*M102)/(SUM($M$16:$M$2953)+SUM(Comerciales!$O$16:$O$1436)) -> 4.7451968e-09
B103: 88 | C103: D02AF01 | D103: ACIDO BENZOICO + AZUFRE PRECIPITADO + ACIDO SALICILICO | E103: (5+5+2,5 )% | F103: UNGÜENTO TOPICO | G103: TOPICA (EXTERNA) | H103: LATA | I103: 2 | J103: 13995 | K103: =IF(ISNUMBER(L103),MIN(L103,ROUND((J103*(1+$K$10)),0)),ROUND((J103*(1+$K$10)),0)) -> 15003 | L103: NO REGULADO | M103: =IF(K103=0,100*I103,I103*K103) -> 30006 | N103: No | O103: =(45.5*M103)/(SUM($M$16:$M$2953)+SUM(Comerciales!$O$16:$O$1436)) -> 1.4238438e-06
B104: 89 | C104: D02AF01 | D104: ACIDO BENZOICO + SALICILICO ACIDO | E104: (6+3)g | F104: SOLUCION/SUSPENSIÓN | G104: TÓPICA | H104: MILILITRO | I104: 24 | J104: 827 | K104: =IF(ISNUMBER(L104),MIN(L104,ROUND((J104*(1+$K$10)),0)),ROUND((J104*(1+$K$10)),0)) -> 887 | L104: NO REGULADO | M104: =IF(K104=0,100*I104,I104*K104) -> 21288 | N104: No | O104: =(45.5*M104)/(SUM($M$16:$M$2953)+SUM(Comerciales!$O$16:$O$1436)) -> 1.0101575e-06
B105: 90 | C105: B03BB01 | D105: ACIDO FOLICO | E105: 1mg | F105: TAB/CAPS/GRAG/COMP | G105: ORAL | H105: TABLETA/CAPSULA/GRAGEA/COMPRIMIDO/PERLA | I105: 462895.17 | J105: 32 | K105: =IF(ISNUMBER(L105),MIN(L105,ROUND((J105*(1+$K$10)),0)),ROUND((J105*(1+$K$10)),0)) -> 34 | L105: NO REGULADO | M105: =IF(K105=0,100*I105,I105*K105) -> 15738436 | N105: Sí | O105: =(45.5*M105)/(SUM($M$16:$M$2953)+SUM(Comerciales!$O$16:$O$1436)) -> 0.00074681975
B106: 91 | C106: B03BB01 | D106: ACIDO FOLICO | E106: 5mg | F106: TAB/CAPS/GRAG/COMP | G106: ORAL | H106: TABLETA/CAPSULA/GRAGEA/COMPRIMIDO/PERLA | I106: 137508.25 | J106: 131 | K106: =IF(ISNUMBER(L106),MIN(L106,ROUND((J106*(1+$K$10)),0)),ROUND((J106*(1+$K$10)),0)) -> 140 | L106: NO REGULADO | M106: =IF(K106=0,100*I106,I106*K106) -> 19251155 | N106: Sí | O106: =(45.5*M106)/(SUM($M$16:$M$2953)+SUM(Comerciales!$O$16:$O$1436)) -> 0.00091350519
B107: 92 | C107: B03BB01 | D107: ACIDO FOLICO | E107: 1mg/mL (0,1%) | F107: AMP/VIAL/JP | G107: PARENTERAL | H107: AMPOLLA/VIAL | I107: 46.4 | J107: 7600 | K107: =IF(ISNUMBER(L107),MIN(L107,ROUND((J107*(1+$K$10)),0)),ROUND((J107*(1+$K$10)),0)) -> 8147 | L107: NO REGULADO | M107: =IF(K107=0,100*I107,I107*K107) -> 378020.8 | N107: No | O107: =(45.5*M107)/(SUM($M$16:$M$2953)+SUM(Comerciales!$O$16:$O$1436)) -> 1.7937831e-05
B108: 93 | C108: V03AF03 | D108: ACIDO FOLINICO | E108: 10 mg/mL | F108: SOLUCION INYECTABLE | G108: PARENTERAL | H108: NO REGISTRA | I108: 188 | K108: =IF(ISNUMBER(L108),MIN(L108,ROUND((J108*(1+$K$10)),0)),ROUND((J108*(1+$K$10)),0)) -> 0 | L108: NO REGISTRA | M108: =IF(K108=0,100*I108,I108*K108) -> 18800 | N108: No | O108: =(45.5*M108)/(SUM($M$16:$M$2953)+SUM(Comerciales!$O$16:$O$1436)) -> 8.92097e-07
B109: 94 | C109: FORMULA MAGISTRAL | D109: ACIDO FOLINICO | E109: 5 mg/mL | F109: SUSPENSION ORAL | G109: ORAL | H109: MILILITRO | I109: 45.714286 | J109: 34416 | K109: =IF(ISNUMBER(L109),MIN(L109,ROUND((J109*(1+$K$10)),0)),ROUND((J109*(1+$K$10)),0)) -> 36894 | L109: NO REGULADO | M109: =IF(K109=0,100*I109,I109*K109) -> 1686582.9 | N109: No | O109: =(45.5*M109)/(SUM($M$16:$M$2953)+SUM(Comerciales!$O$16:$O$1436)) -> 8.0031676e-05
...

Sheet Listas
C4: Nacional
C5: Región 1
C6: Región 2
C7: Región 3
C8: Región 4
C9: Región 5
C10: Región 1 y Región 2
C11: Región 1 y Región 3
C12: Región 1 y Región 4
C13: Región 1 y Región 5
C14: Región 2 y Región 3
C15: Región 2 y Región 4
... C19: Región 4 y Región 5

Sheet Comerciales
B2: Versión: Pliegos borrador
B4: Formato 10 - Oferta Económica AMP/SDA PARA LA ADQUISICIÓN, SUMINISTRO Y DISPENSACIÓN DE MEDICAMENTOS II
B6: Proceso de Licitación Pública
C8: Segmento al que oferta | E8: Segmento 2. Compra Directa a Laboratorios
C9: Ambito
C10: Nombre del proponente:
D11: RECUERDE QUE DEBE DILIGENCIAR UN PRECIO SUPERIOR A $ 1 ÚNICAMENTE PARA LOS PRODUCTOS QUE OFREZCA | H11: Porcentaje diligenciado: | I11: =1-((COUNTBLANK(R16:R1436))/(1421)) -> 0
M13: IPC SALUD | N13: 0.072
B15: NO | C15: ATC | D15: PRINCIPIO ACTIVO | E15: CONCENTRACION | F15: FORMA FARMACEUTICA | G15: VIA DE ADMINISTRACION | H15: UNIDAD DE MEDIDA POR PRECIO OFERTADO | I15: ROTACION ESTIMADA POR AÑO | J15: NOMBRE COMERCIAL | K15: CUM | L15: EXPEDIENTE | M15: PRECIO TECHO | N15: PRECIO REF. 2026 | O15: pxq | P15: Obligatorio | Q15: DISTRIBUCION DE PUNTAJE (45.5 PUNTOS) | R15: PRECIO OFERTADO 1 | S15: CUM OFERTADO 1 | T15: EXPEDIENTE OFERTADO 1 | U15: REGISTRO SANITARO | V15: PRESENTACION COMERCIAL | W15: FACTOR DE CONVERSION | X15: CODIGO DE BARRAS
B16: 1 | C16: L02BX03 | D16: ABIRATERONA | E16: 250 mg | F16: TABLETA | G16: ORAL | H16: TABLETA | I16: 36960 | J16: ZYTIGA | K16: 20036026-1 | L16: 20036026 | N16: =ROUND((M16*(1+$N$13)),0) -> 0 | O16: =IF(N16=0,100*I16,I16*N16) -> 3696000 | P16: Sí | Q16: =(45.5*O16)/SUM($O$16:$O$1436) -> 0.00040020209
B17: 2 | C17: D11AH08 | D17: ABROCITINIB | E17: 200 mg | F17: TABLETA RECUBIERTA | G17: ORAL | H17: NO REGISTRA | I17: 630 | J17: CIBINQO | K17: 20210312-1 | L17: 20210312 | N17: =ROUND((M17*(1+$N$13)),0) -> 0 | O17: =IF(N17=0,100*I17,I17*N17) -> 63000 | Q17: =(45.5*O17)/SUM($O$16:$O$1436) -> 6.8216265e-06
B18: 3 | C18: D11AH08 | D18: ABROCITINIB | E18: 100 mg | F18: TABLETA RECUBIERTA | G18: ORAL | H18: NO REGISTRA | I18: 300 | J18: CIBINQO | K18: 20210286-1 | L18: 20210286 | N18: =ROUND((M18*(1+$N$13)),0) -> 0 | O18: =IF(N18=0,100*I18,I18*N18) -> 30000 | Q18: =(45.5*O18)/SUM($O$16:$O$1436) -> 3.2483936e-06
B19: 4 | C19: D11AH08 | D19: ABROCITINIB | E19: 50 mg | F19: TABLETA RECUBIERTA | G19: ORAL | H19: NO REGISTRA | I19: 30 | J19: CIBINQO | K19: 20210314-1 | L19: 20210314 | N19: =ROUND((M19*(1+$N$13)),0) -> 0 | O19: =IF(N19=0,100*I19,I19*N19) -> 3000 | Q19: =(45.5*O19)/SUM($O$16:$O$1436) -> 3.2483936e-07
B20: 5 | C20: NO APLICA | D20: ACEITE DE DUCHA | E20: 400 mL | F20: EMULSION | G20: TOPICA (EXTERNA) | H20: NO REGISTRA | I20: 83 | J20: EUCERIN PH5 DUCHA PIEL FCO X 400 mL | K20: NO REGISTRA | L20: 19947951 | N20: =ROUND((M20*(1+$N$13)),0) -> 0 | O20: =IF(N20=0,100*I20,I20*N20) -> 8300 | Q20: =(45.5*O20)/SUM($O$16:$O$1436) -> 8.9872222e-07
B21: 6 | C21: NO APLICA | D21: ACEITE DE DUCHA | E21: 1 LITRO | F21: ACEITE | G21: TOPICA (EXTERNA) | H21: NO REGISTRA | I21: 8 | J21: ATODERM ACEITE DE DUCHA FCO X 1 LITRO | K21: NO REGISTRA | L21: 20145229 | N21: =ROUND((M21*(1+$N$13)),0) -> 0 | O21: =IF(N21=0,100*I21,I21*N21) -> 800 | Q21: =(45.5*O21)/SUM($O$16:$O$1436) -> 8.6623828e-08
B22: 7 | C22: A11CB99 | D22: ACEITE DE HIGADO DE BACALAO + VITAMINA A + VITAMINA D | E22: 360 mL | F22: EMULSION ORAL | G22: ORAL | H22: NO REGISTRA | I22: 1 | J22: EMULSION DE SCOTT X 360 mL | K22: NO REGISTRA | L22: 20003504 | N22: =ROUND((M22*(1+$N$13)),0) -> 0 | O22: =IF(N22=0,100*I22,I22*N22) -> 100 | Q22: =(45.5*O22)/SUM($O$16:$O$1436) -> 1.0827979e-08
B23: 8 | C23: NO APLICA | D23: ACEITE DE ONAGRA | E23: COMBINACION | F23: CAPSULA BLANDA | G23: ORAL | H23: NO REGISTRA | I23: 100 | J23: EVENNING PRIMROSE OIL 500 mg | K23: NO REGISTRA | L23: 20014918 | N23: =ROUND((M23*(1+$N$13)),0) -> 0 | O23: =IF(N23=0,100*I23,I23*N23) -> 10000 | Q23: =(45.5*O23)/SUM($O$16:$O$1436) -> 1.0827979e-06
B24: 9 | C24: NO APLICA | D24: ACEITE DUCHA PIEL SENSIBLE | E24: 200 mL | F24: ACEITE | G24: TOPICA (EXTERNA) | H24: NO REGISTRA | I24: 83 | J24: EUCERIN ACEITE DUCHA PIEL SENSIBLE X 200 mL | K24: NO REGISTRA | L24: 19947951 | M24: 105371 | N24: =ROUND((M24*(1+$N$13)),0) -> 112958 | O24: =IF(N24=0,100*I24,I24*N24) -> 9375514 | P24: Sí | Q24: =(45.5*O24)/SUM($O$16:$O$1436) -> 0.0010151786
B25: 10 | C25: N02BE01 | D25: ACETAMINOFEN | E25: 10mg/mL (1%) | F25: AMP/VIAL/JP SLN PARA INFUSION | G25: PAR | H25: NO REGISTRA | I25: 2356 | J25: PARACETAMOL 10 mg/mL SOLUCION P/INFUSION FCO X 100 mL | K25: NO REGISTRA | L25: 20048683 | M25: 19916 | N25: =ROUND((M25*(1+$N$13)),0) -> 21350 | O25: =IF(N25=0,100*I25,I25*N25) -> 50300600 | P25: Sí | Q25: =(45.5*O25)/SUM($O$16:$O$1436) -> 0.0054465382
B26: 11 | C26: N02BE01 | D26: ACETAMINOFEN | E26: 500mg | F26: TAB/CAPS/GRAG/COMP | G26: ORAL | H26: TABLETA/CAPSULA/GRAGEA/COMPRIMIDO/PERLA | I26: 2242.5 | J26: DOLEX ACTIVGEL 500 mg CAJA X 10 CAPSULAS LIQUIDAS | K26: 20058810-1 | L26: 20058810 | M26: 1386.32 | N26: =ROUND((M26*(1+$N$13)),0) -> 1486 | O26: =IF(N26=0,100*I26,I26*N26) -> 3332355 | Q26: =(45.5*O26)/SUM($O$16:$O$1436) -> 0.00036082669
B27: 12 | C27: N02BE01 | D27: ACETAMINOFEN | E27: 500mg | F27: TABLETA RECUBIERTA | G27: ORAL | H27: NO REGISTRA | I27: 750 | J27: DOLEX 500 mg CAJA X 200 TABLETAS RECUBIERTAS | K27: NO REGISTRA | L27: 20068891 | M27: 587 | N27: =ROUND((M27*(1+$N$13)),0) -> 629 | O27: =IF(N27=0,100*I27,I27*N27) -> 471750 | Q27: =(45.5*O27)/SUM($O$16:$O$1436) -> 5.1080989e-05
B28: 13 | C28: N02BE01 | D28: ACETAMINOFEN | E28: 160mg/5mL (3,2%) | F28: SOLUCION/SUSPENSION | G28: ORAL | H28: FRASCO/TUBO | I28: 102.44444 | J28: ACETAMINOFEN (DOLEX NIÑOS 3,2%) | K28: 20164282-1 | L28: 20164282 | M28: 12575.53 | N28: =ROUND((M28*(1+$N$13)),0) -> 13481 | O28: =IF(N28=0,100*I28,I28*N28) -> 1381053.6 | Q28: =(45.5*O28)/SUM($O$16:$O$1436) -> 0.00014954018
B29: 14 | C29: N02BE51 | D29: ACETAMINOFEN + CAFEINA | E29: [500+(50-65)]mg | F29: TABLETA/CAPSULA/GRAGEA/COMPRIMIDO/PERLA | G29: ORAL | H29: TABLETA/CAPSULA/GRAGEA/COMPRIMIDO/PERLA | I29: 34199.714 | J29: 19992272-14 | K29: 19992272-14 | L29: 19992272 | M29: 1402 | N29: =ROUND((M29*(1+$N$13)),0) -> 1503 | O29: =IF(N29=0,100*I29,I29*N29) -> 51402171 | P29: Sí | Q29: =(45.5*O29)/SUM($O$16:$O$1436) -> 0.005565816
B30: 15 | C30: N02BE51 | D30: ACETAMINOFEN + CAFEINA | E30: [500+(50-65)]mg | F30: TABLETA RECUBIERTA | G30: ORAL | H30: NO REGISTRA | I30: 2600 | J30: DOLEX FORTE NF OPTIZORB X 48 TABLETAS RECUBIERTAS | K30: NO REGISTRA | L30: 20071759 | M30: 1903 | N30: =ROUND((M30*(1+$N$13)),0) -> 2040 | O30: =IF(N30=0,100*I30,I30*N30) -> 5304000 | Q30: =(45.5*O30)/SUM($O$16:$O$1436) -> 0.00057431598
B31: 16 | C31: N02BE51 | D31: ACETAMINOFEN + CAFEINA | E31: [500+(50-65)]mg | F31: TABLETA | G31: ORAL | H31: NO REGISTRA | I31: 60 | J31: ADOREM PLUS 500/50 mg CAJA X 100 TABLETAS | K31: NO REGISTRA | L31: 19935345 | M31: 238 | N31: =ROUND((M31*(1+$N$13)),0) -> 255 | O31: =IF(N31=0,100*I31,I31*N31) -> 15300 | Q31: =(45.5*O31)/SUM($O$16:$O$1436) -> 1.6566807e-06
B32: 17 | C32: N02BE51 | D32: ACETAMINOFEN + CAFEINA | E32: [500+(50-65)]mg | F32: TABLETA RECUBIERTA | G32: ORAL | H32: NO REGISTRA | I32: 1 | J32: ANTALGINE FORTE TABLETAS | K32: NO REGISTRA | L32: 51729 | M32: 274 | N32: =ROUND((M32*(1+$N$13)),0) -> 294 | O32: =IF(N32=0,100*I32,I32*N32) -> 294 | Q32: =(45.5*O32)/SUM($O$16:$O$1436) -> 3.1834257e-08
B33: 18 | C33: N02BE71 | D33: ACETAMINOFEN + CODEINA | E33: (325+30)mg | F33: TABLETA | G33: ORAL | H33: NO REGISTRA | I33: 34280 | J33: ALGIMIDE F 325/30 mg CAJA X 100 TABLETAS | K33: NO REGISTRA | L33: 24032 | M33: 291 | N33: =ROUND((M33*(1+$N$13)),0) -> 312 | O33: =IF(N33=0,100*I33,I33*N33) -> 10695360 | P33: Sí | Q33: =(45.5*O33)/SUM($O$16:$O$1436) -> 0.0011580913
B34: 19 | C34: N02AJ06 | D34: ACETAMINOFEN + CODEINA | E34: (325+8)mg | F34: TABLETA | G34: ORAL | H34: NO REGISTRA | I34: 11160 | J34: WINADEINE 325/8 mg CAJA X 100 TABLETAS | K34: NO REGISTRA | L34: 27363 | M34: 262 | N34: =ROUND((M34*(1+$N$13)),0) -> 281 | O34: =IF(N34=0,100*I34,I34*N34) -> 3135960 | P34: Sí | Q34: =(45.5*O34)/SUM($O$16:$O$1436) -> 0.00033956108
B35: 20 | C35: N02BE51 | D35: ACETAMINOFEN + CODEINA | E35: (325+15)mg | F35: TABLETA | G35: ORAL | H35: NO REGISTRA | I35: 3300 | J35: ALGIMIDE 325/15 mg CAJA X 100 TABLETAS. | K35: NO REGISTRA | L35: 58027 | M35: 333 | N35: =ROUND((M35*(1+$N$13)),0) -> 357 | O35: =IF(N35=0,100*I35,I35*N35) -> 1178100 | P35: Sí | Q35: =(45.5*O35)/SUM($O$16:$O$1436) -> 0.00012756442
B36: 21 | C36: N02BE51 | D36: ACETAMINOFEN + CODEINA | E36: (325+8)mg | F36: TABLETA | G36: ORAL | H36: NO REGISTRA | I36: 2420 | J36: ACETAMINOFEN+CODEINA MK 325/8 mg CAJA X 20 TABLETAS | K36: NO REGISTRA | L36: 20031822 | M36: 262 | N36: =ROUND((M36*(1+$N$13)),0) -> 281 | O36: =IF(N36=0,100*I36,I36*N36) -> 680020 | Q36: =(45.5*O36)/SUM($O$16:$O$1436) -> 7.363242e-05
B37: 22 | C37: N02AJ06 | D37: ACETAMINOFEN + CODEINA | E37: (325+30)mg | F37: TABLETA | G37: ORAL | H37: NO REGISTRA | I37: 1 | J37: WINADEINE F 325/30 mg CAJA X 100 TABLETAS | K37: NO REGISTRA | L37: 51522 | M37: 291 | N37: =ROUND((M37*(1+$N$13)),0) -> 312 | O37: =IF(N37=0,100*I37,I37*N37) -> 312 | Q37: =(45.5*O37)/SUM($O$16:$O$1436) -> 3.3783293e-08
B38: 23 | C38: N02BE71 | D38: ACETAMINOFEN + CODEINA | E38: (325+30)mg | F38: TABLETA | G38: ORAL | H38: NO REGISTRA | I38: 1 | J38: ACETAMINOFEN+CODEINA 325/30 mg NOVAMED CAJA X 200 TABLETAS | K38: NO REGISTRA | L38: 20038519 | M38: 291 | N38: =ROUND((M38*(1+$N$13)),0) -> 312 | O38: =IF(N38=0,100*I38,I38*N38) -> 312 | Q38: =(45.5*O38)/SUM($O$16:$O$1436) -> 3.3783293e-08
B39: 24 | C39: N02AA59 | D39: ACETAMINOFEN + CODEINA | E39: (325+30)mg | F39: TABLETA | G39: ORAL | H39: NO REGISTRA | I39: 1 | J39: NODOL FORTE 325/30 mg CAJA X 100 TABLETAS | K39: NO REGISTRA | L39: 20046741 | M39: 291 | N39: =ROUND((M39*(1+$N$13)),0) -> 312 | O39: =IF(N39=0,100*I39,I39*N39) -> 312 | Q39: =(45.5*O39)/SUM($O$16:$O$1436) -> 3.3783293e-08
B40: 25 | C40: N02BE51 | D40: ACETAMINOFEN + CODEINA | E40: (325+8)mg | F40: TABLETA | G40: ORAL | H40: NO REGISTRA | I40: 1 | J40: NODOL SIMPLE 325/8 mg CAJA X 100 TABLETAS | K40: NO REGISTRA | L40: 20046832 | M40: 262 | N40: =ROUND((M40*(1+$N$13)),0) -> 281 | O40: =IF(N40=0,100*I40,I40*N40) -> 281 | Q40: =(45.5*O40)/SUM($O$16:$O$1436) -> 3.042662e-08
B41: 26 | C41: N02AA59 | D41: ACETAMINOFEN + CODEINA | E41: (325+30)mg | F41: TABLETA | G41: ORAL | H41: NO REGISTRA | I41: 1 | J41: ACODEIN 30/325 mg CAJA X 30 TABLETAS | K41: NO REGISTRA | L41: 20108542 | M41: 291 | N41: =ROUND((M41*(1+$N$13)),0) -> 312 | O41: =IF(N41=0,100*I41,I41*N41) -> 312 | Q41: =(45.5*O41)/SUM($O$16:$O$1436) -> 3.3783293e-08
B42: 27 | C42: N02BE51 | D42: ACETAMINOFEN + FENILEFRINA + CETIRIZINA | E42: 3%+0.1%+0.05% | F42: SOLUCION ORAL | G42: ORAL | H42: NO REGISTRA | I42: 8 | J42: NOXPIRIN JUNIOR JARABE X 120 mL | K42: NO REGISTRA | L42: 19978618 | N42: =ROUND((M42*(1+$N$13)),0) -> 0 | O42: =IF(N42=0,100*I42,I42*N42) -> 800 | Q42: =(45.5*O42)/SUM($O$16:$O$1436) -> 8.6623828e-08
B43: 28 | C43: N02BE51 | D43: ACETAMINOFEN + HIDROCODONA | E43: (325+5)mg | F43: TABLETA RECUBIERTA | G43: ORAL | H43: NO REGISTRA | I43: 87835 | J43: DOLOFF 5-325 X 30 TABLETAS RECUBIERTAS | K43: NO REGISTRA | L43: 20082896 | M43: 1495 | N43: =ROUND((M43*(1+$N$13)),0) -> 1603 | O43: =IF(N43=0,100*I43,I43*N43) -> 140799505 | P43: Sí | Q43: =(45.5*O43)/SUM($O$16:$O$1436) -> 0.01524574
B44: 29 | C44: N02BE71 | D44: ACETAMINOFEN + HIDROCODONA | E44: (325+5)mg | F44: TABLETA/CAPSULA/GRAGEA/COMPRIMIDO/PERLA | G44: ORAL | H44: TABLETA/CAPSULA/GRAGEA/COMPRIMIDO/PERLA | I44: 24154.545 | J44: ACETAMINOFEN + HIDROCODONA (SINALGEN) | K44: 20061322-5 | L44: 20061322 | M44: 1713 | N44: =ROUND((M44*(1+$N$13)),0) -> 1836 | O44: =IF(N44=0,100*I44,I44*N44) -> 44347745 | P44: Sí | Q44: =(45.5*O44)/SUM($O$16:$O$1436) -> 0.0048019644
B45: 30 | C45: N02BE71 | D45: ACETAMINOFEN + HIDROCODONA | E45: (325+10)mg | F45: TABLETA | G45: ORAL | H45: NO REGISTRA | I45: 7310 | J45: SINALGEN MAX 10/325 mg CAJA X 30 TABLETAS | K45: NO REGISTRA | L45: 20113430 | M45: 1806 | N45: =ROUND((M45*(1+$N$13)),0) -> 1936 | O45: =IF(N45=0,100*I45,I45*N45) -> 14152160 | P45: Sí | Q45: =(45.5*O45)/SUM($O$16:$O$1436) -> 0.0015323929
B46: 31 | C46: N02BE71 | D46: ACETAMINOFEN + HIDROCODONA | E46: (325+5)mg | F46: TABLETA | G46: ORAL | H46: NO REGISTRA | I46: 3310 | J46: FENALGEX 325/5 mg CAJA X 30 TABLETAS | K46: NO REGISTRA | L46: 20103181 | M46: 415 | N46: =ROUND((M46*(1+$N$13)),0) -> 445 | O46: =IF(N46=0,100*I46,I46*N46) -> 1472950 | P46: Sí | Q46: =(45.5*O46)/SUM($O$16:$O$1436) -> 0.00015949071
B47: 32 | C47: N02AA59 | D47: ACETAMINOFEN + HIDROCODONA | E47: (325+7.5)mg | F47: TABLETA RECUBIERTA | G47: ORAL | H47: NO REGISTRA | I47: 2630 | J47: DOLOFF 7.5-325 mg CAJA X 30 TABLETAS RECUBIERTAS | K47: NO REGISTRA | L47: 20087738 | M47: 631 | N47: =ROUND((M47*(1+$N$13)),0) -> 676 | O47: =IF(N47=0,100*I47,I47*N47) -> 1777880 | Q47: =(45.5*O47)/SUM($O$16:$O$1436) -> 0.00019250847
B48: 33 | C48: N02BE71 | D48: ACETAMINOFEN + HIDROCODONA | E48: (325+5)mg | F48: TABLETA RECUBIERTA | G48: ORAL | H48: NO REGISTRA | I48: 2490 | J48: NODOL PLUS 325 mg/5 mg CAJA X 100 TABLETAS | K48: NO REGISTRA | L48: 20125451 | M48: 536 | N48: =ROUND((M48*(1+$N$13)),0) -> 575 | O48: =IF(N48=0,100*I48,I48*N48) -> 1431750 | Q48: =(45.5*O48)/SUM($O$16:$O$1436) -> 0.00015502958
B49: 34 | C49: N02BE71 | D49: ACETAMINOFEN + HIDROCODONA | E49: (325+7.5)mg | F49: TABLETA/CAPSULA/GRAGEA/COMPRIMIDO/PERLA | G49: ORAL | H49: TABLETA/CAPSULA/GRAGEA/COMPRIMIDO/PERLA | I49: 2172.5 | J49: ACETAMINOFEN + HIDROCODONA (DOLIREN) | K49: 20137593-6 | L49: 20137593 | N49: =ROUND((M49*(1+$N$13)),0) -> 0 | O49: =IF(N49=0,100*I49,I49*N49) -> 217250 | Q49: =(45.5*O49)/SUM($O$16:$O$1436) -> 2.3523783e-05
B50: 35 | C50: N02BE71 | D50: ACETAMINOFEN + HIDROCODONA | E50: (325+10)mg | F50: TABLETA RECUBIERTA | G50: ORAL | H50: NO REGISTRA | I50: 1920 | J50: DOLIREN PLUS 10/325 mg CAJA X 30 TABLETAS RECUBIERTAS | K50: NO REGISTRA | L50: 20137591 | N50: =ROUND((M50*(1+$N$13)),0) -> 0 | O50: =IF(N50=0,100*I50,I50*N50) -> 192000 | Q50: =(45.5*O50)/SUM($O$16:$O$1436) -> 2.0789719e-05
B51: 36 | C51: N02BE71 | D51: ACETAMINOFEN + HIDROCODONA | E51: (325+7.5)mg | F51: TABLETA | G51: ORAL | H51: NO REGISTRA | I51: 1850 | J51: SINALGEN FORTE 7.5/325 mg CAJA X 30 TABLETAS | K51: NO REGISTRA | L51: 20131730 | M51: 3114 | N51: =ROUND((M51*(1+$N$13)),0) -> 3338 | O51: =IF(N51=0,100*I51,I51*N51) -> 6175300 | Q51: =(45.5*O51)/SUM($O$16:$O$1436) -> 0.00066866016
B52: 37 | C52: N02BE71 | D52: ACETAMINOFEN + HIDROCODONA | E52: (325+7.5)mg | F52: TABLETA RECUBIERTA | G52: ORAL | H52: NO REGISTRA | I52: 1080 | J52: DOLIREN 7.5/325 mg CAJA X 30 TABLETAS RECUBIERTAS | K52: NO REGISTRA | L52: 20137593 | N52: =ROUND((M52*(1+$N$13)),0) -> 0 | O52: =IF(N52=0,100*I52,I52*N52) -> 108000 | Q52: =(45.5*O52)/SUM($O$16:$O$1436) -> 1.1694217e-05
B53: 38 | C53: N02BE71 | D53: ACETAMINOFEN + HIDROCODONA | E53: (325+7.5)mg | F53: TAB/CAPS/GRAG/COMP | G53: ORAL | H53: TABLETA/CAPSULA/GRAGEA/COMPRIMIDO/PERLA | I53: 176.25 | J53: ACETAMINOFEN + HIDROCODONA (SINALGEN FORTE) | K53: 20131730-4 | L53: 20131730 | M53: 3114 | N53: =ROUND((M53*(1+$N$13)),0) -> 3338 | O53: =IF(N53=0,100*I53,I53*N53) -> 588322.5 | Q53: =(45.5*O53)/SUM($O$16:$O$1436) -> 6.3703434e-05
B54: 39 | C54: N02BE71 | D54: ACETAMINOFEN + HIDROCODONA | E54: (325+5)mg | F54: TABLETA RECUBIERTA | G54: ORAL | H54: NO REGISTRA | I54: 1 | J54: DOLIREN 5/325 mg CAJA X 100 TABLETAS RECUBIERTAS | K54: NO REGISTRA | L54: 20087008 | M54: 488 | N54: =ROUND((M54*(1+$N$13)),0) -> 523 | O54: =IF(N54=0,100*I54,I54*N54) -> 523 | Q54: =(45.5*O54)/SUM($O$16:$O$1436) -> 5.6630328e-08
B55: 40 | C55: N02BE51 | D55: ACETAMINOFEN + TIOCOLCHICOSIDO | E55: (325+4)mg | F55: TABLETA RECUBIERTA | G55: ORAL | H55: NO REGISTRA | I55: 100261 | J55: FLEXIMAX ACE 325/4 mg CAJA X 14 TABLETAS RECUBIERTAS. | K55: NO REGISTRA | L55: 20083126 | M55: 5846 | N55: =ROUND((M55*(1+$N$13)),0) -> 6267 | O55: =IF(N55=0,100*I55,I55*N55) -> 628335687 | P55: Sí | Q55: =(45.5*O55)/SUM($O$16:$O$1436) -> 0.068036053
B56: 41 | C56: N02BE51 | D56: ACETAMINOFEN + TIZANIDINA | E56: (350+2)mg | F56: TABLETA RECUBIERTA | G56: ORAL | H56: NO REGISTRA | I56: 375160 | J56: TIZAFEN 350/2 mg CAJA X 20 TABLETAS RECUBIERTAS | K56: NO REGISTRA | L56: 47085 | M56: 1947 | N56: =ROUND((M56*(1+$N$13)),0) -> 2087 | O56: =IF(N56=0,100*I56,I56*N56) -> 782958920 | P56: Sí | Q56: =(45.5*O56)/SUM($O$16:$O$1436) -> 0.084778624
B57: 42 | C57: N02AJ13 | D57: ACETAMINOFEN + TRAMADOL | E57: (0,75 + 6,5)g/100 mL | F57: JARABE | G57: ORAL | H57: MILILITRO | I57: 1 | J57: NO REGISTRA | K57: NO REGISTRA | L57: 20256185 | N57: =ROUND((M57*(1+$N$13)),0) -> 0 | O57: =IF(N57=0,100*I57,I57*N57) -> 100 | Q57: =(45.5*O57)/SUM($O$16:$O$1436) -> 1.0827979e-08
B58: 43 | C58: D02AX99 | D58: ACETATO DE ALUMINIO | E58: 0,05% - 0.5 mg/mL | F58: LOCION | G58: TOPICA (EXTERNA) | H58: NO REGISTRA | I58: 11 | J58: ACID MANTLE N LOCION X 400 mL. | K58: NO REGISTRA | L58: 20005669 | N58: =ROUND((M58*(1+$N$13)),0) -> 0 | O58: =IF(N58=0,100*I58,I58*N58) -> 1100 | Q58: =(45.5*O58)/SUM($O$16:$O$1436) -> 1.1910776e-07
B59: 44 | C59: B01AC06 | D59: ACETIL SALICILICO ACIDO | E59: 100mg | F59: TABLETA CON CUBIERTA ENTERICA CON PELICULA | G59: ORAL | H59: NO REGISTRA | I59: 3750 | J59: CARDIOASPIRINA 100 mg X 30 TABS | K59: NO REGISTRA | L59: 1983281 | M59: 543 | N59: =ROUND((M59*(1+$N$13)),0) -> 582 | O59: =IF(N59=0,100*I59,I59*N59) -> 2182500 | P59: Sí | Q59: =(45.5*O59)/SUM($O$16:$O$1436) -> 0.00023632063
B60: 45 | C60: R05CB01 | D60: ACETILCISTEINA | E60: 600 mg | F60: GRANULOS | G60: ORAL | H60: SOBRE | I60: 266220 | J60: FLUIMUCIL | K60: 20004252-1 | L60: 20004252 | M60: 1548 | N60: =ROUND((M60*(1+$N$13)),0) -> 1659 | O60: =IF(N60=0,100*I60,I60*N60) -> 441658980 | P60: Sí | Q60: =(45.5*O60)/SUM($O$16:$O$1436) -> 0.04782274
B61: 46 | C61: R05CB01 | D61: ACETILCISTEINA | E61: 10 mg/mL | F61: SPRAY NASAL | G61: INTRANASAL | H61: NO REGISTRA | I61: 1 | J61: RINOFLUIMUCIL | K61: NO REGISTRA | L61: 19970253 | N61: =ROUND((M61*(1+$N$13)),0) -> 0 | O61: =IF(N61=0,100*I61,I61*N61) -> 100 | Q61: =(45.5*O61)/SUM($O$16:$O$1436) -> 1.0827979e-08
B62: 47 | C62: R01AD11 | D62: ACETONIDO DE TRIAMCINOLONA | E62: 55mcg/100mL | F62: SUSPENSION NASAL | G62: INHALACION | H62: NO REGISTRA | I62: 497 | J62: NASACORT A.Q 55 MCG NASAL X 120 APLIC. | K62: NO REGISTRA | L62: 53475 | M62: 92051.67 | N62: =ROUND((M62*(1+$N$13)),0) -> 98679 | O62: =IF(N62=0,100*I62,I62*N62) -> 49043463 | P62: Sí | Q62: =(45.5*O62)/SUM($O$16:$O$1436) -> 0.0053104157
B63: 48 | C63: J05AB01 | D63: ACICLOVIR | E63: 800 mg | F63: TABLETA | G63: ORAL | H63: NO REGISTRA | I63: 89248 | J63: VIREX Z 800 mg CAJA X 35 TABLETAS | K63: NO REGISTRA | L63: 19930982 | M63: 1128.94 | N63: =ROUND((M63*(1+$N$13)),0) -> 1210 | O63: =IF(N63=0,100*I63,I63*N63) -> 107990080 | P63: Sí | Q63: =(45.5*O63)/SUM($O$16:$O$1436) -> 0.011693143
B64: 49 | C64: J05AB01 | D64: ACICLOVIR | E64: 250 mg | F64: POLVO ESTERIL PARA RECONSTITUIR A SOLUCION INYECTABLE | G64: INTRAVENOSA | H64: FRASCO VIAL | I64: 1 | J64: NO REGISTRA | K64: 19945134-5 | L64: 19945134 | N64: =ROUND((M64*(1+$N$13)),0) -> 0 | O64: =IF(N64=0,100*I64,I64*N64) -> 100 | Q64: =(45.5*O64)/SUM($O$16:$O$1436) -> 1.0827979e-08
B65: 50 | C65: D01AE99 | D65: ACIDO BENZOICO + ACIDO SALICILICO + SALICILANILIDA | E65: (50 + 8 + 20)mg/mL | F65: LOCION | G65: TOPICA | H65: MILILITRO | I65: 5 | J65: MICOFIX | K65: 37349-1 | L65: 37349 | M65: 993 | N65: =ROUND((M65*(1+$N$13)),0) -> 1064 | O65: =IF(N65=0,100*I65,I65*N65) -> 5320 | Q65: =(45.5*O65)/SUM($O$16:$O$1436) -> 5.7604846e-07
B66: 51 | C66: D02AF01 | D66: ACIDO BENZOICO + AZUFRE PRECIPITADO + ACIDO SALICILICO | E66: (5+5+2,5 )% | F66: UNGUENTO TOPICO | G66: TOPICA (EXTERNA) | H66: NO REGISTRA | I66: 1 | J66: NIXODERM UNGUENTO LATA X 20 GR | K66: NO REGISTRA | L66: 19930281 | M66: 13995 | N66: =ROUND((M66*(1+$N$13)),0) -> 15003 | O66: =IF(N66=0,100*I66,I66*N66) -> 15003 | Q66: =(45.5*O66)/SUM($O$16:$O$1436) -> 1.6245216e-06
B67: 52 | C67: B03BB01 | D67: ACIDO FOLICO | E67: 0,4mg (400mcg) | F67: TABLETA | G67: ORAL | H67: NO REGISTRA | I67: 2430 | J67: FOLIC PREVENT 400 MCG CAJA X 30 TABLETAS | K67: NO REGISTRA | L67: 20050550 | N67: =ROUND((M67*(1+$N$13)),0) -> 0 | O67: =IF(N67=0,100*I67,I67*N67) -> 243000 | Q67: =(45.5*O67)/SUM($O$16:$O$1436) -> 2.6311988e-05
B68: 53 | C68: B03AE02 | D68: ACIDO FOLICO + HIERRO FERRICO POLIMALTOSADO | E68: (1+100)mg | F68: TABLETA RECUBIERTA | G68: ORAL | H68: NO REGISTRA | I68: 42615 | J68: HERREX FOL 1000 CAJA X 30 TABLETAS | K68: NO REGISTRA | L68: 19982964 | M68: 69840 | N68: =ROUND((M68*(1+$N$13)),0) -> 74868 | O68: =IF(N68=0,100*I68,I68*N68) -> 3190499820 | P68: Sí | Q68: =(45.5*O68)/SUM($O$16:$O$1436) -> 0.34546664
B69: 54 | C69: B03AD05 | D69: ACIDO FOLICO + HIERRO FERRICO POLIMALTOSADO | E69: 120mcg+50mg | F69: JARABE | G69: ORAL | H69: NO REGISTRA | I69: 66 | J69: HERREX FOL JARABE X 120 mL. | K69: NO REGISTRA | L69: 27440 | M69: 125280 | N69: =ROUND((M69*(1+$N$13)),0) -> 134300 | O69: =IF(N69=0,100*I69,I69*N69) -> 8863800 | P69: Sí | Q69: =(45.5*O69)/SUM($O$16:$O$1436) -> 0.00095977036
B70: 55 | C70: B03AE02 | D70: ACIDO FOLICO + HIERRO FERRICO POLIMALTOSADO | E70: (1+100)mg | F70: TABLETA CUBIERTA CON PELICULA | G70: ORAL | H70: NO REGISTRA | I70: 1 | J70: GYNOFER FOL X 30 TABLETAS | K70: NO REGISTRA | L70: 19938870 | M70: 58770 | N70: =ROUND((M70*(1+$N$13)),0) -> 63001 | O70: =IF(N70=0,100*I70,I70*N70) -> 63001 | P70: Sí | Q70: =(45.5*O70)/SUM($O$16:$O$1436) -> 6.8217348e-06
B71: 56 | C71: NO REGISTRA | D71: ACIDO FOLICO + YODURO DE POTASIO + ZINC + MIOINOSITOL + COLECALCIFEROL (VITAMINA D) | E71: COMBINACION | F71: POLVO O GRANULADO | G71: ORAL | H71: NO REGISTRA | I71: 30 | J71: EXELMYO POLVO P/SUSPEN ORAL CAJA X 30 SOBRES DE 4 GR S/DIETARIO | K71: NO REGISTRA | L71: 20127473 | N71: =ROUND((M71*(1+$N$13)),0) -> 0 | O71: =IF(N71=0,100*I71,I71*N71) -> 3000 | Q71: =(45.5*O71)/SUM($O$16:$O$1436) -> 3.2483936e-07
B72: 57 | C72: M09AX01 | D72: ACIDO HIALURONICO | E72: 10mg/mL | F72: SOLUCION INYECTABLE | G72: INTRA-ARTICULAR | H72: NO REGISTRA | I72: 215 | J72: HYALGAN 20 mg/2 mL SOL INYECT CAJA X 1 JERINGA PRELLENADA | K72: NO REGISTRA | L72: 49884 | N72: =ROUND((M72*(1+$N$13)),0) -> 0 | O72: =IF(N72=0,100*I72,I72*N72) -> 21500 | Q72: =(45.5*O72)/SUM($O$16:$O$1436) -> 2.3280154e-06
B73: 58 | C73: NO REGISTRA | D73: ACIDO HIALURONICO | E73: COMBINACION | F73: SUERO FACIAL | G73: TOPICA | H73: SUERO FACIAL | I73: 7 | J73: MINERAL 89 VICHY | K73: NO REGISTRA | L73: 20127396 | N73: =ROUND((M73*(1+$N$13)),0) -> 0 | O73: =IF(N73=0,100*I73,I73*N73) -> 700 | Q73: =(45.5*O73)/SUM($O$16:$O$1436) -> 7.579585e-08
B74: 59 | C74: NO REGISTRA | D74: ACIDO HIALURONICO + LIDOCAINA | E74: 24 mg/mL + 0.3% | F74: SOLUCION INYECTABLE | G74: INTRADERMICO | H74: JERINGA PRELLENADA | I74: 1 | J74: JUVEDERM ULTRA XC | K74: NO REGISTRA | L74: 19998080 | M74: 1441440 | N74: =ROUND((M74*(1+$N$13)),0) -> 1545224 | O74: =IF(N74=0,100*I74,I74*N74) -> 1545224 | P74: Sí | Q74: =(45.5*O74)/SUM($O$16:$O$1436) -> 0.00016731652
B75: 60 | C75: D01AE12 | D75: ACIDO SALICILICO + ACIDO LACTICO | E75: (20 + 5)% | F75: SOLUCION TOPICA | G75: TOPICA (EXTERNA) | H75: NO REGISTRA | I75: 1 | J75: KINOR NF 20% - 5% SOL TOPICA FCO X 10 mL | K75: NO REGISTRA | L75: 20003378 | N75: =ROUND((M75*(1+$N$13)),0) -> 0 | O75: =IF(N75=0,100*I75,I75*N75) -> 100 | Q75: =(45.5*O75)/SUM($O$16:$O$1436) -> 1.0827979e-08
B76: 61 | C76: A10XA99 | D76: ACIDO TIOCTICO (ACIDO ALFA LIPOICO) | E76: 600mg | F76: TABLETA CUBIERTA CON PELICULA | G76: ORAL | H76: NO REGISTRA | I76: 66420 | J76: LIPOTIC 600 mg FCO X 30 TABLETAS RECUBIERTAS | K76: NO REGISTRA | L76: 20104380 | M76: 4443 | N76: =ROUND((M76*(1+$N$13)),0) -> 4763 | O76: =IF(N76=0,100*I76,I76*N76) -> 316358460 | P76: Sí | Q76: =(45.5*O76)/SUM($O$16:$O$1436) -> 0.034255226
B77: 62 | C77: A05AA02 | D77: ACIDO URSODESOXICOLICO | E77: 600 mg | F77: TABLETA | G77: ORAL | H77: TAB/CAPS/GRAG/COMP/PERLA | I77: 693.75 | J77: URSACOL 600 mg CAJA X 15 TABLETAS | K77: 20087430-2 | L77: 20087430 | M77: 4118 | N77: =ROUND((M77*(1+$N$13)),0) -> 4414 | O77: =IF(N77=0,100*I77,I77*N77) -> 3062212.5 | Q77: =(45.5*O77)/SUM($O$16:$O$1436) -> 0.00033157571
B78: 63 | C78: B05BA01 | D78: ACIDOS GRASOS DE CADENA LARGA | E78: 10% | F78: FCO/BOLSA | G78: PARENTERAL | H78: MILILITRO | I78: 157.14286 | J78: PRIMENE | K78: 208141-24 | L78: 208141 | N78: =ROUND((M78*(1+$N$13)),0) -> 0 | O78: =IF(N78=0,100*I78,I78*N78) -> 15714.286 | Q78: =(45.5*O78)/SUM($O$16:$O$1436) -> 1.7015395e-06
B79: 64 | C79: B05BA01 | D79: ACIDOS GRASOS DE CADENA LARGA | E79: 0.1 | F79: EMULSION | G79: PARENTERAL | H79: MILILITRO | I79: 1 | J79: AMINOVEN | K79: 19931123-1 | L79: 19931123 | N79: =ROUND((M79*(1+$N$13)),0) -> 0 | O79: =IF(N79=0,100*I79,I79*N79) -> 100 | Q79: =(45.5*O79)/SUM($O$16:$O$1436) -> 1.0827979e-08
B80: 65 | C80: B05BA02 | D80: ACIDOS GRASOS DE CADENA MEDIA | E80: 0.2 | F80: EMULSION | G80: PARENTERAL | H80: MILILITRO | I80: 2 | J80: SMOFLIPID | K80: 19977782-3 | L80: 19977782 | N80: =ROUND((M80*(1+$N$13)),0) -> 0 | O80: =IF(N80=0,100*I80,I80*N80) -> 200 | Q80: =(45.5*O80)/SUM($O$16:$O$1436) -> 2.1655957e-08
B81: 66 | C81: B05BA02 | D81: ACIDOS GRASOS DE CADENA MEDIA | E81: 0.2 | F81: EMULSION | G81: PARENTERAL | H81: MILILITRO | I81: 2 | J81: LIPOFUNDIN | K81: 33711-2 | L81: 33711 | N81: =ROUND((M81*(1+$N$13)),0) -> 0 | O81: =IF(N81=0,100*I81,I81*N81) -> 200 | Q81: =(45.5*O81)/SUM($O$16:$O$1436) -> 2.1655957e-08
B82: 67 | C82: B05BA02 | D82: ACIDOS GRASOS DE CADENA MEDIA Y LARGA | E82: 0.2 | F82: EMULSION | G82: PARENTERAL | H82: MILILITRO | I82: 42728.273 | J82: CLINOLEIC | K82: 19900013-15 | L82: 19900013 | N82: =ROUND((M82*(1+$N$13)),0) -> 0 | O82: =IF(N82=0,100*I82,I82*N82) -> 4272827.3 | P82: Sí | Q82: =(45.5*O82)/SUM($O$16:$O$1436) -> 0.00046266082
B83: 68 | C83: NO APLICA | D83: ACIDOS GRASOS OMEGA 3 + VITAMINA C + VITAMINA E + ZINC + COBRE + LUTEINA + ZEAXANTINA | E83: COMBINACION | F83: CAPSULAS | G83: ORAL | H83: NO REGISTRA | I83: 1460 | J83: VISOMEGA CAJA X 60 CAPSULAS BLANDAS S/DIETARIO. | K83: NO APLICA | L83: 20072117 | M83: 1750 | N83: =ROUND((M83*(1+$N$13)),0) -> 1876 | O83: =IF(N83=0,100*I83,I83*N83) -> 2738960 | Q83: =(45.5*O83)/SUM($O$16:$O$1436) -> 0.000296574
B84: 69 | C84: L04AB04 | D84: ADALIMUMAB | E84: 40 mg/0.8 mL (50 mg/mL) | F84: SOLUCION INYECTABLE | G84: SUBCUTANEA | H84: PEN CON JERINGA PRELLENADA | I84: 214 | J84: IDACIO | K84: 20177223-13 | L84: 20177223 | N84: =ROUND((M84*(1+$N$13)),0) -> 0 | O84: =IF(N84=0,100*I84,I84*N84) -> 21400 | Q84: =(45.5*O84)/SUM($O$16:$O$1436) -> 2.3171874e-06
B85: 70 | C85: D10AD53 | D85: ADAPALENO + PEROXIDO DE BENZOILO | E85: (0.1 + 2.5)% | F85: GEL | G85: TOPICA | H85: GRAMOS | I85: 5228 | J85: EPIDUO | K85: 20001247-2 | L85: 20001247 | M85: 89158 | N85: =ROUND((M85*(1+$N$13)),0) -> 95577 | O85: =IF(N85=0,100*I85,I85*N85) -> 499676556 | P85: Sí | Q85: =(45.5*O85)/SUM($O$16:$O$1436) -> 0.05410487
B86: 71 | C86: D10AD53 | D86: ADAPALENO + PEROXIDO DE BENZOILO | E86: (0.3 + 2.5)% | F86: GEL | G86: TOPICA | H86: GRAMOS | I86: 1 | J86: ZUDENINA | K86: 20173007-1 | L86: 20173007 | N86: =ROUND((M86*(1+$N$13)),0) -> 0 | O86: =IF(N86=0,100*I86,I86*N86) -> 100 | Q86: =(45.5*O86)/SUM($O$16:$O$1436) -> 1.0827979e-08
B87: 72 | C87: A16AB03 | D87: AGALSIDASA ALFA | E87: 3.5 mg (1 mg/mL) | F87: SOLUCION CONCENTRADA PARA INFUSIÓN | G87: INTRAVENOSA | H87: VIAL | I87: 11 | J87: REPLAGAL | K87: 20020941-1 | L87: 20020941 | M87: 5860334.4 | N87: =ROUND((M87*(1+$N$13)),0) -> 6282278 | O87: =IF(N87=0,100*I87,I87*N87) -> 69105058 | P87: Sí | Q87: =(45.5*O87)/SUM($O$16:$O$1436) -> 0.0074826809
B88: 73 | C88: A16AB04 | D88: AGALSIDASA BETA | E88: 35 mg | F88: POLVO LIOFILIZADO PARA RECONSTITUIR A SOLUCION INYECTABLE | G88: INTRAVENOSA | H88: VIAL | I88: 4.6363636 | J88: FABRAZYME | K88: 19951126-1 | L88: 19951126 | M88: 10250674 | N88: =ROUND((M88*(1+$N$13)),0) -> 10988723 | O88: =IF(N88=0,100*I88,I88*N88) -> 50947716 | P88: Sí | Q88: =(45.5*O88)/SUM($O$16:$O$1436) -> 0.0055166077
B89: 74 | C89: A16AB04 | D89: AGALSIDASA BETA | E89: 5 mg | F89: POLVO LIOFILIZADO PARA RECONSTITUIR A SOLUCION INYECTABLE | G89: INTRAVENOSA | H89: VIAL | I89: 3.8181818 | J89: FABRAZYME | K89: 19951125-1 | L89: 19951125 | M89: 1464382 | N89: =ROUND((M89*(1+$N$13)),0) -> 1569818 | O89: =IF(N89=0,100*I89,I89*N89) -> 5993850.5 | P89: Sí | Q89: =(45.5*O89)/SUM($O$16:$O$1436) -> 0.00064901285
B90: 75 | C90: NO REGISTRA | D90: AGUA DE MAR HIPERTONICA | E90: NO APLICA | F90: SOLUCION | G90: NASAL | H90: MONODOSIS | I90: 192 | J90: TONIMER HYPERTONIC | K90: NO REGISTRA | L90: 20004057 | N90: =ROUND((M90*(1+$N$13)),0) -> 0 | O90: =IF(N90=0,100*I90,I90*N90) -> 19200 | Q90: =(45.5*O90)/SUM($O$16:$O$1436) -> 2.0789719e-06
B91: 76 | C91: NO REGISTRA | D91: AGUA TERMAL | E91: NO APLICA | F91: AEROSOL | G91: TOPICA | H91: MILILITRO | I91: 17 | J91: AVENE | K91: NO REGISTRA | L91: 19955174 | N91: =ROUND((M91*(1+$N$13)),0) -> 0 | O91: =IF(N91=0,100*I91,I91*N91) -> 1700 | Q91: =(45.5*O91)/SUM($O$16:$O$1436) -> 1.8407564e-07
B92: 77 | C92: S01GX11 | D92: ALCAFTADINA | E92: 2,5mg/mL (0,25%) | F92: SOLUCION OFTALMICA | G92: OFTALMICA | H92: MILILITRO | I92: 813 | J92: LASTACAFT | K92: 20035873-4 | L92: 20035873 | M92: 34131 | N92: =ROUND((M92*(1+$N$13)),0) -> 36588 | O92: =IF(N92=0,100*I92,I92*N92) -> 29746044 | P92: Sí | Q92: =(45.5*O92)/SUM($O$16:$O$1436) -> 0.0032208953
B93: 78 | C93: NO REGISTRA | D93: ALCANFOR + MENTOL + SALICILATO DE METILO | E93: 3%+4%+14% | F93: EMULSION | G93: TOPICA (EXTERNA) | H93: NO REGISTRA | I93: 1 | J93: MENTOL # 2 X 20 GRAMOS. | K93: NO REGISTRA | L93: 19547 | N93: =ROUND((M93*(1+$N$13)),0) -> 0 | O93: =IF(N93=0,100*I93,I93*N93) -> 100 | Q93: =(45.5*O93)/SUM($O$16:$O$1436) -> 1.0827979e-08
B94: 79 | C94: L01ED03 | D94: ALECTINIB 150 mg CAPSULA | E94: 150 mg | F94: CAPSULA DURA | G94: ORAL | H94: TAB/CAPS/GRAG/COMP/PERLA | I94: 10640 | J94: (ALECENSA 150 mg CAJA X 224 CAPSULAS) | K94: 20157000-1 | L94: 20157000 | M94: 117974 | N94: =ROUND((M94*(1+$N$13)),0) -> 126468 | O94: =IF(N94=0,100*I94,I94*N94) -> 1345619520 | P94: Sí | Q94: =(45.5*O94)/SUM($O$16:$O$1436) -> 0.14570339
B95: 80 | C95: L04AA34 | D95: ALEMTUZUMAB | E95: 12 mg | F95: AMPOLLA/VIAL | G95: IV | H95: AMPOLLA/VIAL | I95: 2 | J95: LEMTRADA | K95: NO REGISTRA | L95: 20067976 | M95: 28247150 | N95: =ROUND((M95*(1+$N$13)),0) -> 30280945 | O95: =IF(N95=0,100*I95,I95*N95) -> 60561890 | P95: Sí | Q95: =(45.5*O95)/SUM($O$16:$O$1436) -> 0.0065576285
B96: 81 | C96: B05BA01 | D96: ALFACETOANALOGOS DE AMINOACIDOS | E96: COMBINACION | F96: TABLETA CUBIERTA CON PELICULA | G96: ORAL | H96: NO REGISTRA | I96: 61730 | J96: KETOSTERIL 630 mg X 100 TABLETAS | K96: NO REGISTRA | L96: 19933951 | M96: 1387.05 | N96: =ROUND((M96*(1+$N$13)),0) -> 1487 | O96: =IF(N96=0,100*I96,I96*N96) -> 91792510 | P96: Sí | Q96: =(45.5*O96)/SUM($O$16:$O$1436) -> 0.0099392733
B97: 82 | C97: NO REGISTRA | D97: ALFALACTOALBUMINA, DHA, ARA, HIERRO, MINERALES, PRE- ESPESADA CON GOMA SEMILLA DE ALGARROBO | E97: COMBINACION | F97: POLVO | G97: ORAL | H97: NO REGISTRA | I97: 67 | J97: NUTRIBEN A.R. FORMULA LACTEA EN POLVO LATA X 400 GR | K97: NO REGISTRA | L97: 20181197 | M97: 94286 | N97: =ROUND((M97*(1+$N$13)),0) -> 101075 | O97: =IF(N97=0,100*I97,I97*N97) -> 6772025 | P97: Sí | Q97: =(45.5*O97)/SUM($O$16:$O$1436) -> 0.00073327342
B98: 83 | C98: C02AB01 | D98: ALFAMETILDOPA | E98: 250 mg | F98: TAB/CAPS/GRAG/COMP | G98: ORAL | H98: TABLETA | I98: 17100 | J98: ALDOMET | K98: NO REGISTRA | L98: 45047 | M98: 1569 | N98: =ROUND((M98*(1+$N$13)),0) -> 1682 | O98: =IF(N98=0,100*I98,I98*N98) -> 28762200 | P98: Sí | Q98: =(45.5*O98)/SUM($O$16:$O$1436) -> 0.0031143649
B99: 84 | C99: NO REGISTRA | D99: ALGINATO DE SODIO | E99: 2,94 mg/mL | F99: SUSPENSION ORAL | G99: ORAL | H99: NO REGISTRA | I99: 624 | J99: REFLUFIN SUSP CEREZ X 360 mL | K99: NO REGISTRA | L99: 19932994 | M99: 41667 | N99: =ROUND((M99*(1+$N$13)),0) -> 44667 | O99: =IF(N99=0,100*I99,I99*N99) -> 27872208 | P99: Sí | Q99: =(45.5*O99)/SUM($O$16:$O$1436) -> 0.0030179967
B100: 85 | C100: NO REGISTRA | D100: ALGINATO DE SODIO | E100: NO REGISTRA | F100: GEL | G100: TOPICA (EXTERNA) | H100: NO REGISTRA | I100: 17 | J100: SAFGEL TUBO X 85 GRS Ref. 145730 | K100: NO REGISTRA | L100: 19936912 | M100: 109318 | N100: =ROUND((M100*(1+$N$13)),0) -> 117189 | O100: =IF(N100=0,100*I100,I100*N100) -> 1992213 | P100: Sí | Q100: =(45.5*O100)/SUM($O$16:$O$1436) -> 0.0002157164
B101: 86 | C101: NO REGISTRA | D101: ALGINATO DE SODIO + BICARBONATO DE SODIO | E101: (2.5+2.67)g | F101: SUSPENSION ORAL | G101: ORAL | H101: NO REGISTRA | I101: 33 | J101: DIGEVIAN SUSPENSION X 360 mL. | K101: NO REGISTRA | L101: 20043524 | M101: 40198 | N101: =ROUND((M101*(1+$N$13)),0) -> 43092 | O101: =IF(N101=0,100*I101,I101*N101) -> 1422036 | Q101: =(45.5*O101)/SUM($O$16:$O$1436) -> 0.00015397775
B102: 87 | C102: A02BX13 | D102: ALGINATO DE SODIO + BICARBONATO DE SODIO + CARBONATO DE CALCIO | E102: (5+2.13+3.25)(%) | F102: SUSPENSION ORAL | G102: ORAL | H102: NO REGISTRA | I102: 245651 | J102: SUPREFLUX FORTE SUSPEN MENTA FCO X 240 mL | K102: NO REGISTRA | L102: 20103613 | M102: 4340 | N102: =ROUND((M102*(1+$N$13)),0) -> 4652 | O102: =IF(N102=0,100*I102,I102*N102) -> 1142768452 | P102: Sí | Q102: =(45.5*O102)/SUM($O$16:$O$1436) -> 0.12373872
B103: 88 | C103: A02AH99 | D103: ALGINATO DE SODIO + BICARBONATO DE SODIO + CARBONATO DE CALCIO | E103: (50-26,7-16)mg/mL | F103: SUSPENSION ORAL | G103: ORAL | H103: NO REGISTRA | I103: 117584 | J103: GAVISCON SUSP ORAL MENTA X 12 SOBRES X 10 mL | K103: NO REGISTRA | L103: 20010745 | M103: 2707 | N103: =ROUND((M103*(1+$N$13)),0) -> 2902 | O103: =IF(N103=0,100*I103,I103*N103) -> 341228768 | P103: Sí | Q103: =(45.5*O103)/SUM($O$16:$O$1436) -> 0.036948178
B104: 89 | C104: A02AB01 | D104: ALGINATO DE SODIO + BICARBONATO DE SODIO + CARBONATO DE CALCIO | E104: (0.63+2.39)(%) | F104: SUSPENSION ORAL | G104: ORAL | H104: NO REGISTRA | I104: 3056 | J104: ALGINACID SUSPENCION FCO X 360 mL | K104: NO REGISTRA | L104: 20016210 | M104: 27720 | N104: =ROUND((M104*(1+$N$13)),0) -> 29716 | O104: =IF(N104=0,100*I104,I104*N104) -> 90812096 | P104: Sí | Q104: =(45.5*O104)/SUM($O$16:$O$1436) -> 0.0098331143
B105: 90 | C105: A02AB10 | D105: ALGINATO DE SODIO + BICARBONATO DE SODIO + CARBONATO DE CALCIO | E105: (2.5+2.67+1.5)% | F105: SUSPENSION ORAL | G105: ORAL | H105: FRASCO/TUBO | I105: 2107.6667 | J105: MILPAX | K105: 24380-2 | L105: 24380 | M105: 39881 | N105: =ROUND((M105*(1+$N$13)),0) -> 42752 | O105: =IF(N105=0,100*I105,I105*N105) -> 90106965 | P105: Sí | Q105: =(45.5*O105)/SUM($O$16:$O$1436) -> 0.0097567629
B106: 91 | C106: A02BX13 | D106: ALGINATO DE SODIO + BICARBONATO DE SODIO + CARBONATO DE CALCIO | E106: (5-2,13-3,25)(%) | F106: SUSPENSION ORAL | G106: ORAL | H106: NO REGISTRA | I106: 71 | J106: GAVISCON D/ACCION SUSP ORAL MENTA FCO X 300 mL | K106: NO REGISTRA | L106: 20027038 | M106: 69612 | N106: =ROUND((M106*(1+$N$13)),0) -> 74624 | O106: =IF(N106=0,100*I106,I106*N106) -> 5298304 | P106: Sí | Q106: =(45.5*O106)/SUM($O$16:$O$1436) -> 0.00057369922
...

Sheet TEMP
A1: NO | B1: ATC | C1: PRINCIPIO ACTIVO | D1: COTIZACION + IPC SALUD 7.20%
A2: 586 | B2: A16AB17 | C2: CERLIPONASA | D2: 95515368
A3: 2743 | B3: B01AC21 | C3: TREPROSTINIL | D3: 70271639
A4: 10 | B4: N02BE01 | C4: ACETAMINOFEN | D4: 50300600
A5: 947 | B5: B02BX06 | C5: EMICIZUMAB | D5: 41077825
A6: 2744 | B6: B01AC21 | C6: TREPROSTINIL | D6: 35135819
A7: 759 | B7: L01XC24 | C7: DARATUMUMAB | D7: 28370060
A8: 1205 | B8: NO REGISTRA | C8: FORMULA LACTEA EXTENSAMENTE HIDROLIZADA (PURAMINO) | D8: 25347011
A9: 311 | B9: L01XC32 | C9: ATEZOLIZUMAB | D9: 22457441
A10: 2236 | B10: L03AX16 | C10: PLERIXAFOR | D10: 21448514
A11: 2742 | B11: B01AC21-2 | C11: TREPROSTINIL | D11: 17567910
A12: 1471 | B12: L01XC11 | C12: IPILIMUMAB | D12: 16808414
A13: 2053 | B13: L01XC15 | C13: OBINUTUZUMAB | D13: 15495867
... A2869: 2590 | B2869: NO REGISTRA | C2869: SUPLEMENTO DIETARIO A BASE DE POLIPEPTIDOS HIDROLIZADOS DE ORIGEN NATURAL | D2869: 0
A2870: 2591 | B2870: 0 | C2870: SUPLEMENTO DIETARIO A BASE DE PROBIOTICOS | D2870: 0
A2871: 2592 | B2871: NO REGISTRA | C2871: SUPLEMENTO DIETARIO A BASE DE PROBIOTICOS (MULTIFLORA PLUS) | D2871: 0
A2872: 2593 | B2872: NO REGISTRA | C2872: SUPLEMENTO DIETARIO CON VITAMINAS B12, B6, ÁCIDO FÓLICO Y BIOTINA (METHYL B-12 | D2872: 0
A2873: 2594 | B2873: NO REGISTRA | C2873: SUPLEMENTO DIETARIO INMUNOMODULADOR (FENSIKAN) | D2873: 0
A2874: 2595 | B2874: NO REGISTRA | C2874: SUPLEMENTO DIETARIO CON CITRATO DE MAGNESIO | D2874: 0
A2875: 2600 | B2875: NO REGISTRA | C2875: SUSTITUTO DE PLASMA | D2875: 0
A2876: 2609 | B2876: FORMULA MAGISTRAL | C2876: TACROLIMUS + ACIDO HIALURONICO | D2876: 0
A2877: 2613 | B2877: NO REGISTRA | C2877: TAFLUPROST | D2877: 0
A2878: 2625 | B2878: NO REGISTRA | C2878: TECLOZAN | D2878: 0
A2879: 2628 | B2879: C09CA07 | C2879: TELMISARTAN | D2879: 0
A2880: 2639 | B2880: NO REGISTRA | C2880: TEMSIROLIMUS | D2880: 0
A2881: 2654 | B2881: H05AA02 | C2881: TERIPARATIDA | D2881: 0
A2882: 2657 | B2882: G03BA03 | C2882: TESTOSTERONA | D2882: 0
... A2950: 8 | B2950: NO APLICA | C2950: ACEITE DE ONAGRA | D2950: 0
